Workbook
Name _10empréstimo_19_1: #N/A
Name _11frota_2_1: #N/A
Name _12inflação_11_1: #N/A
Name _13inflação_19_1: #N/A
Name _14prazo_11_1: #N/A
Name _15prazo_19_1: #N/A
Name _16salário_11_1: #N/A
Name _17salário_19_1: #N/A
Name _18taxa_11_1: #N/A
Name _19taxa_19_1: #N/A
Name _1aumentos_11_1: #N/A
Name _2aumentos_19_1: #N/A
Name _3carência_11_1: #N/A
Name _4carência_19_1: #N/A
Name _5carência_salário_11_1: #N/A
Name _6carência_salário_19_1: #N/A
Name _7carência_sd_11_1: #N/A
Name _8carência_sd_19_1: #N/A
Name _9empréstimo_11_1: #N/A
Name ANOFROTA: #REF!
Name ANOFROTA: #REF!
Name ANOFROTA: #REF!
Name ANOFROTA: #REF!
Name ANOFROTA: #REF!
Name ANOFROTA: #REF!
Name aumentos: #N/A
Name aumentos_1: #N/A
Name aumentos_10: #REF!
Name aumentos_10: #REF!
Name aumentos_11: #REF!
Name aumentos_11: #REF!
Name aumentos_11_1: NA()
Name aumentos_12: #REF!
Name aumentos_12: #REF!
Name aumentos_19: #REF!
Name aumentos_19: #REF!
Name aumentos_34: #REF!
Name aumentos_34: #REF!
Name aumentos_35: #REF!
Name aumentos_35: #REF!
Name aumentos_36: #REF!
Name aumentos_36: #REF!
Name aumentos_37: #REF!
Name aumentos_37: #REF!
Name aumentos_38: #REF!
Name aumentos_38: #REF!
Name aumentos_39: #REF!
Name aumentos_39: #REF!
Name aumentos_5: #REF!
Name aumentos_5: #REF!
Name aumentos_58: #REF!
Name aumentos_58: #REF!
Name aumentos_59: #REF!
Name aumentos_59: #REF!
Name aumentos_6: #REF!
Name aumentos_6: #REF!
Name aumentos_60: #REF!
Name aumentos_60: #REF!
Name aumentos_61: #REF!
Name aumentos_61: #REF!

Sheet Instruções iniciais
A2: INDICAÇÃO DA LICITANTE PELO LOTE E ORIENTAÇÕES INICIAIS
A4: A Licitante declara que está realizando proposta para o LOTE | H4: (Preencher com 1, 2, 3, 4, 5 ou 6)
A6: Se a Licitante desejar realizar propostas para mais de um LOTE deverá copiar este arquivo e entregar uma PROPOSTA
A7: por LOTE desejado.
A9: A Licitante deverá preencher as planilhas a seguir, observando que algumas células não são editáveis, e seguindo as
A10: orientações apresentadas no Anexo VI - B.
A12: Se a Licitante constatar algum equívoco do PODER CONCEDENTE na apresentação das planilhas, deverá solicitar que
A13: o PODER CONCEDENTE corrija o problema e reenvie a planilha, caso este concorde com a motivação.
A15: Sob hipótese alguma a Licitante deverá corrigir/alterar/modificar as células não editáveis.
A17: Os erros cometidos no preenchimento das planilhas são de responsabilidade da Licitante.
A19: A Licitante poderá criar planilhas auxiliares neste mesmo arquivo ou em outro, com extensão .xlsx.

Sheet Tarifa Teto Calculada
A1: RESUMO - Cálculo da Tarifa Teto
A3: ITENS DE CUSTO | B3: CUSTO KM (R$/km) | C3: PART.
A4: CUSTOS VARIÁVEIS | B4: =SUM(B5:B6,B7) -> 1.5561163 | C4: =SUM(C5:C7) -> 0.21145336
A5: Combustível | B5: ='05 CustVar'!E40 -> 1.4362031 | C5: =B5/$B$33 -> 0.19515892
A6: Óleos&Lubrificantes | B6: ='05 CustVar'!E42 -> 0.03188371 | C6: =B6/$B$33 -> 0.0043325281
A7: Rodagem | B7: ='05 CustVar'!E62 -> 0.088029449 | C7: =B7/$B$33 -> 0.01196191
A8: CUSTOS FIXOS | B8: =SUM(B9,B17,B18,B24) -> 5.044571 | C8: =SUM(C9,C17,C18,C24) -> 0.74386541
A9: Despesas de capital | B9: =SUM(B10:B16) -> 1.207013 | C9: =SUM(C10:C17) -> 0.22239762
A10: Depreciação da frota | B10: ='07 Deprec.'!E25 -> 0.74063934 | C10: =B10/$B$33 -> 0.10064201
A11: Depreciação de edificações, equipamentos e mobiliário de garagem | B11: ='07 Deprec.'!E33 -> 0.037205315 | C11: =B11/$B$33 -> 0.0050556561
A12: Depreciação dos veículos de apoio | B12: ='07 Deprec.'!E41 -> 0.0050277452 | C12: =B12/$B$33 -> 0.00068319677
A13: Remuneração da frota | B13: ='08 Remun.'!F25 -> 0.26023612 | C13: =B13/$B$33 -> 0.035362268
A14: Remuneração de terrenos, edificações, equipamentos e mobiliário de garagem | B14: ='08 Remun.'!F33 -> 0.15686565 | C14: =B14/$B$33 -> 0.021315739
A15: Remuneração de almoxarifado | B15: ='08 Remun.'!F41 -> 0.0040221962 | C15: =B15/$B$33 -> 0.00054655742
A16: Remuneração dos veículos de apoio | B16: ='08 Remun.'!F49 -> 0.0030166471 | C16: =B16/$B$33 -> 0.00040991806
A17: Despesas com peças e acessórios | B17: ='06 CustPeças&Aces'!B9 -> 0.42964368 | C17: =B17/$B$33 -> 0.05838227
A18: Despesas com pessoal | B18: =SUM(B19:B23) -> 3.033259 | C18: =SUM(C19:C23) -> 0.41217537
A19: Operacional | B19: ='09 CustosPessoal'!E38 -> 2.4299056 | C19: =B19/$B$33 -> 0.3301885
A20: Manutenção | B20: ='09 CustosPessoal'!E45 -> 0.26097186 | C20: =B20/$B$33 -> 0.035462245
A21: Administrativo | B21: ='09 CustosPessoal'!E52 -> 0.16936442 | C21: =B21/$B$33 -> 0.023014138
A22: Plano de Saúde dos Rodoviários | B22: ='09 CustosPessoal'!E57 -> 0.15293109 | C22: =B22/$B$33 -> 0.02078109
A23: Honorários da administração | B23: ='09 CustosPessoal'!E69 -> 0.020086039 | C23: =B23/$B$33 -> 0.0027293978
A24: Despesas administrativas | B24: =SUM(B25:B26) -> 0.3746553 | C24: =SUM(C25:C26) -> 0.050910155
A25: Outras Despesas | B25: ='10 CustosAdmin'!B9 -> 0.3656542 | C25: =B25/$B$33 -> 0.049687038
A26: Seguros (Passageiro e DPVAT) | B26: ='10 CustosAdmin'!B29 -> 0.009001097 | C26: =B26/$B$33 -> 0.0012231169
A27: CUSTOS VARIÁVEIS + CUSTOS FIXOS | B27: =B4+B8 -> 6.6006873 | C27: =B27/B33 -> 0.89693651
A28: REMUNERAÇÃO DO SERVIÇO - RS | B28: ='02 Coeficientes'!$B$75/100 -> 0.0724
A29: CUSTO DE REMUNERAÇÃO DO SERVIÇO | B29: =SUM(B4,B17,B18,B24)*B28 -> 0.39050202 | C29: =B29/B33 -> 0.053063492
A30: CUSTOS VARIÁVEIS + CUSTOS FIXOS + CUSTO REMUNERAÇÃO DO SERVIÇO | B30: =B27+B29 -> 6.9911893 | C30: =C27+C29 -> 0.95
A31: CUSTO DE GESTÃO DA CCT | B31: ='02 Coeficientes'!B67/100 -> 0.03 | C31: =B31 -> 0.03
A32: ALÍQUOTA LEI FEDERAL 12.715/12 | B32: ='02 Coeficientes'!B68/100 -> 0.02 | C32: =B32 -> 0.02
A33: CUSTO QUILÔMETRO TOTAL (R$/km) | B33: =B30/(1-SUM(B31:B32)) -> 7.3591466 | C33: =C30+C31+C32 -> 1
A34: IPK (Pass_Equiv/km) | B34: ='03 Dados_Oper'!B12 -> 2.093981
A35: TARIFA TETO (R$/Pass.Equiv.) | B35: =B33/B34 -> 3.5144286

Sheet 01 Preços
A1: PLANILHA 01 - PREÇOS DOS INSUMOS
A4: Item | B4: Custo R$ | C4: Unid. | D4: Referência | E4: Observação
A5: Óleo Diesel | B5: 2.5574 | C5: I | D5: Combustível | E5: Diesel S10
A6: Pneu Veíc. Tipo Leve | B6: 1196.2473 | C6: un | D6: Rodagem | E6: 275/80 R22
A7: Recapagem Veíc.Tipo Leve | B7: 348.2698 | C7: un | D7: Rodagem
A8: Pneu Veíc.Tipo Pesado/Especial | B8: 1435.4019 | C8: un | D8: Rodagem | E8: 295/80 R22.5
A9: Recapagem Veíc.Tipo Pesado/Especial | B9: 362.83197 | C9: un | D9: Rodagem
A10: Ar Condicionado Veíc.Leve/Pesado | B10: ='[1]PREÇO NF FINAL'!$C$30 -> 42709.7 | C10: un | D10: Preço Médio Veículo
A11: Ar Condicionado Veíc.Especial | B11: ='[1]PREÇO NF FINAL'!$C$31 -> 80210.9 | C11: un | D11: Preço Médio Veículo
A12: Salário Motorista | B12: 2168.45 | C12: R$ | D12: Despesas de pessoal | E12: mensal
A13: Salário Cobrador | B13: 1302.76 | C13: R$ | E13: mensal
A14: Salário Fiscal | B14: =B12 -> 2168.45 | C14: R$ | E14: mensal
A15: Vale Refeição | B15: 21 | C15: R$ | E15: por dia trabalho
A16: Plano de Saúde Rodoviários | B16: 890 | C16: R$/veic | E16: mensal
A17: Seguro Passageiro | B17: 14.58 | C17: R$/veic | D17: Despesas administrativas | E17: mensal
A18: Seguro DPVAT | B18: 396.49 | C18: R$/veic | E18: mensal

Sheet 02 Coeficientes
A1: PLANILHA 02 - COEFICIENTES E ÍNDICES DE USO
A3: Item | B3: Valores | C3: Mínimo | D3: Máximo | E3: Unidade | F3: Referência
A4: Micro Dianteiro | B4: 0.3167 | C4: 0.269195 | D4: 0.364205 | E4: l/km | F4: Combustível
A5: Leve Dianteiro | B5: 0 | C5: 0 | D5: 0 | E5: l/km | F5: Combustível
A6: Leve Dianteiro Ar Cx | B6: 0 | C6: 0 | D6: 0 | E6: l/km | F6: Combustível
A7: Leve Dianteiro Ar | B7: 0 | C7: 0 | D7: 0 | E7: l/km | F7: Combustível
A8: Leve Dianteiro Cx | B8: 0 | C8: 0 | D8: 0 | E8: l/km | F8: Combustível
A9: Leve Traseiro | B9: 0.3897 | C9: 0.331245 | D9: 0.448155 | E9: l/km | F9: Combustível
A10: Leve Traseiro Ar Cx | B10: 0.5526 | C10: 0.46971 | D10: 0.63549 | E10: l/km | F10: Combustível
A11: Leve Traseiro Ar | B11: 0 | C11: 0 | D11: 0 | E11: l/km | F11: Combustível
A12: Leve Traseiro Cx | B12: 0 | C12: 0 | D12: 0 | E12: l/km | F12: Combustível
A13: Pesado Dianteiro | B13: 0.4025 | C13: 0.342125 | D13: 0.462875 | E13: l/km | F13: Combustível
A14: Pesado Dianteiro Ar Cx | B14: 0 | C14: 0 | D14: 0 | E14: l/km | F14: Combustível
A15: Pesado Dianteiro Ar | B15: 0.4669 | C15: 0.396865 | D15: 0.536935 | E15: l/km | F15: Combustível
... A37: Especial Traseiro Cx | B37: 0.686 | C37: 0.5831 | D37: 0.7889 | E37: l/km | F37: Combustível
A38: Coef. Mês Oleos/Lubrificantes | B38: 0.0222 | C38: 0.01887 | D38: 0.02553 | F38: Óleos&Lubrificantes
A39: km Min Pneu Novo | B39: 54869 | C39: 54869 | D39: 65842.8 | E39: km | F39: Rodagem
A40: km Min 2 Recap | B40: 113194 | C40: 113194 | D40: 135832.8 | E40: km | F40: Rodagem
A41: Qtd. Pneus Veículo Tipo Leve | B41: 6 | C41: 6 | D41: 6 | E41: un | F41: Rodagem
A42: Qtd. Pneus Veículo Tipo Pesado | B42: 6 | C42: 6 | D42: 6 | E42: un | F42: Rodagem
A43: Qtd. Pneus Veículo Tipo Trucado | B43: 8 | C43: 8 | D43: 8 | E43: un | F43: Rodagem
A44: Qtd. Pneus Veículo Tipo Especial | B44: 10 | C44: 10 | D44: 10 | E44: un | F44: Rodagem
A45: Nº Recapagens / Pneu | B45: 2 | C45: 2 | D45: 2 | E45: vezes | F45: Rodagem
A46: Vida Util Veiculo | B46: 10 | C46: 10 | D46: 10 | E46: anos | F46: Custo de capital (depreciação e remuneração)
A47: Valor Residual do Veiculo | B47: 15 | C47: 15 | D47: 15 | E47: %
A48: Coef. Mês Depreciação de Edificações, Equipamentos e Mobiliário de Garagem | B48: 0.00037
A49: Coef. Mês Depreciação dos Veículos de Apoio | B49: 5e-05
A50: Coef. Mês Remuneração de Terrenos, Edificações, Equipamentos e Mobiliário de Garagem | B50: 0.00156
A51: Coef. Mês Remuneração de Almoxarifado | B51: 4e-05
A52: Coef. Mês Remuneração dos Veículos de Apoio | B52: 3e-05
A53: Taxa Variável de Remuneração de Capital | B53: 6.23 | E53: % | F53: INPC (jan-dez 2014)
A54: Coef. Mês Peças e Acessórios | B54: 0.0047 | C54: 0.003995 | D54: 0.005405 | F54: Peças&Acessórios
A55: Encargos Sociais | B55: 42.1 | C55: 42.1 | D55: 42.1 | E55: % | F55: Pessoal Operacional, de Manutenção e Administrativo
A56: Fator de Correção Quinquênio | B56: 4.29 | C56: 4.29 | D56: 4.29 | E56: %
A57: Qtd Mês Vale Refeicão | B57: 25 | C57: 25 | D57: 25 | E57: vezes
A58: % Empresa Vale Refeição | B58: 80 | C58: 80 | D58: 80 | E58: %
A59: % Benef. Fisc. Vale Refeição | B59: 25 | C59: 25 | D59: 25 | E59: %
A60: Coef. Mês Outras Despesas | B60: 0.004 | C60: 0.0034 | D60: 0.0046 | F60: Despesas Administrativas e de Pessoal
A61: Coef. Mês DPVAT | B61: =100*(1/12) -> 8.3333333 | C61: 8.33 | D61: 8.3333333 | E61: %
A62: Nº Sal. Motorista / Honorários da Administração | B62: 5 | C62: 5 | D62: 10 | E62: vezes
A63: Nº de empresas por lote | B63: 1 | E63: un
A64: Nº de Diretores por empresa | B64: 3 | C64: 3 | D64: 3 | E64: un
A65: Nº Máximo de Diretores Admitidos por Lote | B65: =IF(B63>2,D65,C65*B63) -> 3 | C65: 3 | D65: 6 | E65: un
A66: INSS | B66: 15 | C66: 15 | D66: 15 | E66: %
A67: Custo de Gestão da CCT | B67: 3 | C67: 3 | D67: 3 | E67: % | F67: Lei Municipal 8.133/98
A68: Alíquota Lei Federal 12.715/12 (Deson.Folha Pgto) | B68: 2 | C68: 2 | D68: 2 | E68: % | F68: Taxa Federal
A69: Total | B69: =SUM(B67:B68) -> 5 | C69: 5 | D69: 5 | E69: % | F69: Taxa Federal + CCT
A70: FU Motorista | B70: 2.3268 | C70: 2.0943 | D70: 2.5597 | E70: vezes | F70: Pessoal Operacional, de Manutenção e Administrativo
A71: FU Cobrador | B71: =B70 -> 2.3268 | C71: 2.0943 | D71: 2.5597 | E71: vezes
A72: FU Fiscal | B72: 0.2 | C72: 0.16 | D72: 0.24 | E72: %
A73: FU Manutenção | B73: 0.1074 | C73: 0.08592 | D73: 0.12888 | E73: %
A74: FU Administração | B74: 0.0697 | C74: 0.05576 | D74: 0.08364 | E74: %
A75: Custo Fixo de Remuneração do Serviço | B75: 7.24 | E75: % | F75: Média Anual INPC últ.20 anos (1995-2014)

Sheet 03 Dados_Oper
A1: PLANILHA 03 - DADOS OPERACIONAIS
A3: Dados operacionais | B3: Valor adotado | C3: Carris | D3: 1 | E3: 2 | F3: 3 | G3: 4 | H3: 5 | I3: 6 | J3: Unid.
A4: Bacia | C4: Pública | D4: Norte | F4: Sul | H4: Leste
A5: FU Motorista | B5: =C5 -> 2.3268 | C5: ='02 Coeficientes'!B70 -> 2.3268 | J5: func/veíc.
A6: FU Cobrador | B6: =B5 -> 2.3268 | C6: =C5 -> 2.3268 | J6: func/veíc.
A7: Passageiros Equivalentes Mês | B7: =C7 -> 3899572 | C7: =C18*$J$35/12 -> 3899572 | J7: PE
A8: Quilometragem Percorrida Mês | B8: =C8 -> 1862276.7 | C8: =C20*$J$50/12 -> 1862276.7 | J8: km
A9: Frota Operacional | B9: =C9 -> 320 | C9: 320 | D9: =IF('Instruções iniciais'!$G$4=1,190,0) -> 0 | E9: =IF('Instruções iniciais'!$G$4=2,215,0) -> 0 | F9: =IF('Instruções iniciais'!$G$4=3,265,0) -> 0 | G9: =IF('Instruções iniciais'!$G$4=4,210,0) -> 0 | H9: =IF('Instruções iniciais'!$G$4=5,175,0) -> 0 | I9: =IF('Instruções iniciais'!$G$4=6,179,0) -> 0 | J9: Veic.
A10: Frota Reserva | B10: =C10 -> 32 | C10: 32 | D10: =IF('Instruções iniciais'!$G$4=1,19,0) -> 0 | E10: =IF('Instruções iniciais'!$G$4=2,21,0) -> 0 | F10: =IF('Instruções iniciais'!$G$4=3,27,0) -> 0 | G10: =IF('Instruções iniciais'!$G$4=4,21,0) -> 0 | H10: =IF('Instruções iniciais'!$G$4=5,17,0) -> 0 | I10: =IF('Instruções iniciais'!$G$4=6,18,0) -> 0 | J10: Veic.
A11: Frota Total | B11: =B9+B10 -> 352 | C11: =C9+C10 -> 352 | D11: =D9+D10 -> 0 | E11: =E9+E10 -> 0 | F11: =F9+F10 -> 0 | G11: =G9+G10 -> 0 | H11: =H9+H10 -> 0 | I11: =I9+I10 -> 0 | J11: Veic.
A12: IPK Equivalente | B12: =B7/B8 -> 2.093981 | C12: =C7/C8 -> 2.093981 | D12: =D7/D8 -> #DIV/0! | E12: =E7/E8 -> #DIV/0! | F12: =F7/F8 -> #DIV/0! | G12: =G7/G8 -> #DIV/0! | H12: =H7/H8 -> #DIV/0! | I12: =I7/I8 -> #DIV/0! | J12: PE/km
A13: Percurso Médio Mensal Frota Operacional - PMM Operacional | B13: =B8/B9 -> 5819.6147 | C13: =C8/C9 -> 5819.6147 | D13: =D8/D9 -> #DIV/0! | E13: =E8/E9 -> #DIV/0! | F13: =F8/F9 -> #DIV/0! | G13: =G8/G9 -> #DIV/0! | H13: =H8/H9 -> #DIV/0! | I13: =I8/I9 -> #DIV/0! | J13: km/veíc.
A14: Percurso Médio Mensal Frota Total - PMM Total | B14: =B8/B11 -> 5290.5589 | C14: =C8/C11 -> 5290.5589 | D14: =D8/D11 -> #DIV/0! | E14: =E8/E11 -> #DIV/0! | F14: =F8/F11 -> #DIV/0! | G14: =G8/G11 -> #DIV/0! | H14: =H8/H11 -> #DIV/0! | I14: =I8/I11 -> #DIV/0! | J14: km/veíc.
A16: Base: ano 2013 com as linhas distribuídas por Lote no Edital | C16: Carris | D16: N1 | E16: N2 | F16: S1 | G16: S2 | H16: L1 | I16: L2 | J16: Total
A17: Passageiros Equivalentes - PE | C17: 48031774 | D17: 26892097 | E17: 29736426 | F17: 39037349 | G17: 25690903 | H17: 24598755 | I17: 25575296 | J17: =SUM(C17:I17) -> 2.195626e+08
A18: Participação PE | C18: =C17/$J$17 -> 0.21876118 | D18: =D17/$J$17 -> 0.12248032 | E18: =E17/$J$17 -> 0.13543484 | F18: =F17/$J$17 -> 0.17779598 | G18: =G17/$J$17 -> 0.11700947 | H18: =H17/$J$17 -> 0.11203527 | I18: =I17/$J$17 -> 0.11648293 | J18: =J17/$J$17 -> 1
A19: Rodagem | C19: 22448108 | D19: 14425864 | E19: 17214848 | F19: 20717634 | G19: 17027735 | H19: 13144893 | I19: 14387833 | J19: =SUM(C19:I19) -> 1.1936691e+08
A20: Participação km | C20: =C19/$J$19 -> 0.18805972 | D20: =D19/$J$19 -> 0.12085312 | E20: =E19/$J$19 -> 0.14421792 | F20: =F19/$J$19 -> 0.17356261 | G20: =G19/$J$19 -> 0.14265037 | H20: =H19/$J$19 -> 0.11012175 | I20: =I19/$J$19 -> 0.12053451 | J20: =J19/$J$19 -> 1
A22: Passageiros considerando jan-fev/2013 e mar-dez/2014 | C22: Carris | D22: Bacia Norte | F22: Bacia Sul | H22: Bacia Leste | J22: Total
A23: 41275 | C23: 3895118.8 | D23: 4549469.7 | F23: 4937130 | H23: 3833323.5 | J23: =SUM(C23:I23) -> 17215042
A24: 41306 | C24: 3119369.3 | D24: 3802202.8 | F24: 4118792.1 | H24: 3166123.2 | J24: =SUM(C24:I24) -> 14206487
A25: 41699 | C25: 4066327.7 | D25: 4471170.3 | F25: 4994414 | H25: 4089514.1 | J25: =SUM(C25:I25) -> 17621426
A26: 41730 | C26: 4185146.1 | D26: 4666838.9 | F26: 5360203.3 | H26: 4261953.5 | J26: =SUM(C26:I26) -> 18474142
A27: 41760 | C27: 4257902.6 | D27: 4813886 | F27: 5465290.7 | H27: 4315382.8 | J27: =SUM(C27:I27) -> 18852462
A28: 41791 | C28: 3821330.3 | D28: 4324587.7 | F28: 4783495.5 | H28: 3778941.9 | J28: =SUM(C28:I28) -> 16708355
A29: 41821 | C29: 4153549.9 | D29: 4852267.8 | F29: 5351549.5 | H29: 4264487.9 | J29: =SUM(C29:I29) -> 18621855
A30: 41852 | C30: 4320870.7 | D30: 4827777.7 | F30: 5464741.7 | H30: 4333910 | J30: =SUM(C30:I30) -> 18947300
A31: 41883 | C31: 4307932.1 | D31: 4825404.2 | F31: 5433084.5 | H31: 4313061.6 | J31: =SUM(C31:I31) -> 18879482
A32: 41913 | C32: 4354868.4 | D32: 4967357.5 | F32: 5507099.2 | H32: 4389071.5 | J32: =SUM(C32:I32) -> 19218397
A33: 41944 | C33: 4061660.9 | D33: 4600619.7 | F33: 5064422.1 | H33: 4116126.8 | J33: =SUM(C33:I33) -> 17842829
A34: 41974 | C34: 3786844.8 | D34: 4572999.4 | F34: 4933386.3 | H34: 4027433.2 | J34: =SUM(C34:I34) -> 17320664
A35: Total | C35: =SUM(C23:C34) -> 48330922 | D35: =SUM(D23:D34) -> 55274582 | F35: =SUM(F23:F34) -> 61413609 | H35: =SUM(H23:H34) -> 48889330 | J35: =SUM(C35:I35) -> 2.1390844e+08
A37: Rodagem considerando jan-fev/2013 e mar-dez/2014 | C37: Carris | D37: Bacia Norte | F37: Bacia Sul | H37: Bacia Leste | J37: Total
A38: 41275 | C38: 1864124.4 | D38: 2761067.1 | F38: 2980519 | H38: 2168838.2 | J38: =SUM(C38:I38) -> 9774548.6
A39: 41306 | C39: 1635297.7 | D39: 2431193.3 | F39: 2643939.6 | H39: 1919425.7 | J39: =SUM(C39:I39) -> 8629856.3
A40: 41699 | C40: 1909125.7 | D40: 2671444.6 | F40: 3011945.7 | H40: 2237358.4 | J40: =SUM(C40:I40) -> 9829874.4
A41: 41730 | C41: 1831060.5 | D41: 2615618.7 | F41: 3018132.3 | H41: 2169974.5 | J41: =SUM(C41:I41) -> 9634786
A42: 41760 | C42: 1923277.9 | D42: 2751106.5 | F42: 3163937.7 | H42: 2284752.3 | J42: =SUM(C42:I42) -> 10123074
A43: 41791 | C43: 1823337.5 | D43: 2591005.6 | F43: 2947198.6 | H43: 2150367.7 | J43: =SUM(C43:I43) -> 9511909.3
A44: 41821 | C44: 1989365.4 | D44: 2829809 | F44: 3260167.9 | H44: 2409610.6 | J44: =SUM(C44:I44) -> 10488953
A45: 41852 | C45: 1963727.2 | D45: 2737073.7 | F45: 3189964 | H45: 2325229.1 | J45: =SUM(C45:I45) -> 10215994
A46: 41883 | C46: 1945082.3 | D46: 2707366.3 | F46: 3152231.3 | H46: 2295905.6 | J46: =SUM(C46:I46) -> 10100586
A47: 41913 | C47: 2046614.7 | D47: 2862813.6 | F47: 3314453.9 | H47: 2441500.2 | J47: =SUM(C47:I47) -> 10665382
A48: 41944 | C48: 1825174.5 | D48: 2611231.9 | F48: 3047210.9 | H48: 2220079.5 | J48: =SUM(C48:I48) -> 9703696.8
A49: 41974 | C49: 1897724.8 | D49: 2738071.7 | F49: 3189592.1 | H49: 2326932.4 | J49: =SUM(C49:I49) -> 10152321
A50: Total | C50: =SUM(C38:C49) -> 22653912 | D50: =SUM(D38:D49) -> 32307802 | F50: =SUM(F38:F49) -> 36919293 | H50: =SUM(H38:H49) -> 26949974 | J50: =SUM(C50:I50) -> 1.1883098e+08

Sheet 04 Frota
A1: PLANILHA 4 - COMPOSIÇÃO DA FROTA NO INÍCIO DA CONCESSÃO
A3: ANO 00
A5: Modelos | B5: Frota | C5: Ar Condicionado | D5: Preço Chassi R$ | E5: Preço Carroceria R$ | F5: Preço ar R$ | G5: Preço Veíc. R$ | H5: Vlr Invest. R$
A6: Leve
A7: LO 915 | C7: NÃO | D7: 104047.5 | E7: 104741.15 | F7: =IF(C7="SIM",'01 Preços'!$B$10,0) -> 0 | G7: =SUM(D7:F7) -> 208788.65 | H7: =B7*G7 -> 0
A8: OH1518 | C8: NÃO | D8: 211103.59 | E8: 155318.4 | F8: =IF(C8="SIM",'01 Preços'!$B$10,0) -> 0 | G8: =SUM(D8:F8) -> 366421.99 | H8: =B8*G8 -> 0
A9: OH1518 | C9: SIM | D9: 211103.59 | E9: 155318.4 | F9: =IF(C9="SIM",'01 Preços'!$B$10,0) -> 42709.7 | G9: =SUM(D9:F9) -> 409131.69 | H9: =B9*G9 -> 0
A10: MT 12.0 LE | B10: 3 | C10: SIM | D10: 232907.8 | E10: 251260.35 | F10: =IF(C10="SIM",'01 Preços'!$B$10,0) -> 42709.7 | G10: =SUM(D10:F10) -> 526877.84 | H10: =B10*G10 -> 1580633.5
F11: =IF(C11="SIM",'01 Preços'!$B$10,0) -> 0 | G11: =SUM(D11:F11) -> 0 | H11: =B11*G11 -> 0
F12: =IF(C12="SIM",'01 Preços'!$B$10,0) -> 0 | G12: =SUM(D12:F12) -> 0 | H12: =B12*G12 -> 0
F13: =IF(C13="SIM",'01 Preços'!$B$10,0) -> 0 | G13: =SUM(D13:F13) -> 0 | H13: =B13*G13 -> 0
F14: =IF(C14="SIM",'01 Preços'!$B$10,0) -> 0 | G14: =SUM(D14:F14) -> 0 | H14: =B14*G14 -> 0
A15: PMV Veículo Leve | B15: =SUM(B7:B14) -> 3 | H15: =IF(B15=0,0,SUM(H7:H14)/B15) -> 526877.84
A16: Pesado
A17: B290R | B17: 35 | C17: SIM | D17: 251517 | E17: 185676.4 | F17: =IF(C17="SIM",'01 Preços'!$B$10,0) -> 42709.7 | G17: =SUM(D17:F17) -> 479903.1 | H17: =B17*G17 -> 16796608
A18: B7R Low-Entry | B18: 71 | C18: SIM | D18: 251517 | E18: 185676.4 | F18: =IF(C18="SIM",'01 Preços'!$B$10,0) -> 42709.7 | G18: =SUM(D18:F18) -> 479903.1 | H18: =B18*G18 -> 34073120
A19: F 250 | C19: NÃO | D19: 124785 | E19: 121572 | F19: =IF(C19="SIM",'01 Preços'!$B$10,0) -> 0 | G19: =SUM(D19:F19) -> 246357 | H19: =B19*G19 -> 0
A20: O-500 U Low-Entry | B20: 37 | C20: SIM | D20: 380446.13 | E20: 251833.87 | F20: =IF(C20="SIM",'01 Preços'!$B$10,0) -> 42709.7 | G20: =SUM(D20:F20) -> 674989.7 | H20: =B20*G20 -> 24974619
A21: O500M | C21: NÃO | D21: 205202 | E21: 183556.8 | F21: =IF(C21="SIM",'01 Preços'!$B$10,0) -> 0 | G21: =SUM(D21:F21) -> 388758.8 | H21: =B21*G21 -> 0
A22: O500M | C22: SIM | D22: 205202 | E22: 183556.8 | F22: =IF(C22="SIM",'01 Preços'!$B$10,0) -> 42709.7 | G22: =SUM(D22:F22) -> 431468.5 | H22: =B22*G22 -> 0
A23: O500M Aut. | C23: NÃO | D23: 231502.8 | E23: 154035.6 | F23: =IF(C23="SIM",'01 Preços'!$B$10,0) -> 0 | G23: =SUM(D23:F23) -> 385538.4 | H23: =B23*G23 -> 0
A24: O500M Aut. | B24: 17 | C24: SIM | D24: 231502.8 | E24: 154035.6 | F24: =IF(C24="SIM",'01 Preços'!$B$10,0) -> 42709.7 | G24: =SUM(D24:F24) -> 428248.1 | H24: =B24*G24 -> 7280217.7
A25: O500U Aut. | C25: NÃO | D25: 273701.17 | E25: 235281.75 | F25: =IF(C25="SIM",'01 Preços'!$B$10,0) -> 0 | G25: =SUM(D25:F25) -> 508982.92 | H25: =B25*G25 -> 0
A26: O500U Aut. | C26: SIM | D26: 273701.17 | E26: 235281.75 | F26: =IF(C26="SIM",'01 Preços'!$B$10,0) -> 42709.7 | G26: =SUM(D26:F26) -> 551692.62 | H26: =B26*G26 -> 0
A27: OF 1721 | B27: 35 | C27: NÃO | D27: 179042.4 | E27: 130213.9 | F27: =IF(C27="SIM",'01 Preços'!$B$10,0) -> 0 | G27: =SUM(D27:F27) -> 309256.3 | H27: =B27*G27 -> 10823970
A28: OF 1721 | C28: SIM | D28: 179042.4 | E28: 130213.9 | F28: =IF(C28="SIM",'01 Preços'!$B$10,0) -> 42709.7 | G28: =SUM(D28:F28) -> 351966 | H28: =B28*G28 -> 0
A29: OF 1724 | C29: NÃO | D29: 175253.6 | E29: 135939.6 | F29: =IF(C29="SIM",'01 Preços'!$B$10,0) -> 0 | G29: =SUM(D29:F29) -> 311193.2 | H29: =B29*G29 -> 0
A30: OH 1622 | C30: NÃO | D30: 199320 | E30: 138920 | F30: =IF(C30="SIM",'01 Preços'!$B$10,0) -> 0 | G30: =SUM(D30:F30) -> 338240 | H30: =B30*G30 -> 0
A31: VW 17230 | B31: 30 | C31: NÃO | D31: 164031 | E31: 124179.9 | F31: =IF(C31="SIM",'01 Preços'!$B$10,0) -> 0 | G31: =SUM(D31:F31) -> 288210.9 | H31: =B31*G31 -> 8646327
A32: VW 17260 Aut. | B32: 49 | C32: NÃO | D32: 289704.79 | E32: 207089.95 | F32: =IF(C32="SIM",'01 Preços'!$B$10,0) -> 0 | G32: =SUM(D32:F32) -> 496794.74 | H32: =B32*G32 -> 24342942
A33: VW 17260 Aut. | C33: SIM | D33: 289704.79 | E33: 207089.95 | F33: =IF(C33="SIM",'01 Preços'!$B$10,0) -> 42709.7 | G33: =SUM(D33:F33) -> 539504.44 | H33: =B33*G33 -> 0
A34: VW 17260 Low-Entry | C34: SIM | D34: 195069.75 | E34: 213694.5 | F34: =IF(C34="SIM",'01 Preços'!$B$10,0) -> 42709.7 | G34: =SUM(D34:F34) -> 451473.95 | H34: =B34*G34 -> 0
F35: =IF(C35="SIM",'01 Preços'!$B$10,0) -> 0 | G35: =SUM(D35:F35) -> 0 | H35: =B35*G35 -> 0
F36: =IF(C36="SIM",'01 Preços'!$B$10,0) -> 0 | G36: =SUM(D36:F36) -> 0 | H36: =B36*G36 -> 0
A37: PMV Veículo Pesado | B37: =SUM(B17:B36) -> 274 | H37: =IF(B37=0,0,SUM(H17:H36)/B37) -> 463276.66
A38: Trucado
F39: =IF(C39="SIM",'01 Preços'!$B$10,0) -> 0 | G39: =SUM(D39:F39) -> 0 | H39: =B39*G39 -> 0
F40: =IF(C40="SIM",'01 Preços'!$B$10,0) -> 0 | G40: =SUM(D40:F40) -> 0 | H40: =B40*G40 -> 0
A41: PMV Veículo Trucado | B41: =SUM(B39:B40) -> 0 | H41: =IF(B41=0,0,SUM(H39:H40+B41)/B41) -> 0
A42: Especial
A43: B340MA | B43: 15 | C43: NÃO | D43: 482502 | E43: 275351.98 | F43: =IF(C43="SIM",'01 Preços'!$B$11,0) -> 0 | G43: =SUM(D43:F43) -> 757853.98 | H43: =B43*G43 -> 11367810
A44: B340MA | B44: 45 | C44: SIM | D44: 482502 | E44: 275351.98 | F44: =IF(C44="SIM",'01 Preços'!$B$11,0) -> 80210.9 | G44: =SUM(D44:F44) -> 838064.88 | H44: =B44*G44 -> 37712920
A45: O-500 MA | B45: 15 | C45: NÃO | D45: 415950 | E45: 228176 | F45: =IF(C45="SIM",'01 Preços'!$B$11,0) -> 0 | G45: =SUM(D45:F45) -> 644126 | H45: =B45*G45 -> 9661890
A46: O-500 MA | C46: SIM | D46: 415950 | E46: 228176 | F46: =IF(C46="SIM",'01 Preços'!$B$11,0) -> 80210.9 | G46: =SUM(D46:F46) -> 724336.9 | H46: =B46*G46 -> 0
A47: OF 1721 (A) | C47: NÃO | D47: 293580 | E47: 237660 | F47: =IF(C47="SIM",'01 Preços'!$B$11,0) -> 0 | G47: =SUM(D47:F47) -> 531240 | H47: =B47*G47 -> 0
A48: VW 17230 (A) | C48: NÃO | D48: 336600 | E48: 168300 | F48: =IF(C48="SIM",'01 Preços'!$B$11,0) -> 0 | G48: =SUM(D48:F48) -> 504900 | H48: =B48*G48 -> 0
A49: O-500 UA | C49: SIM | D49: 404646 | E49: 404646 | F49: =IF(C49="SIM",'01 Preços'!$B$11,0) -> 80210.9 | G49: =SUM(D49:F49) -> 889502.9 | H49: =B49*G49 -> 0
A50: SCANIA K 310 | C50: SIM | D50: 296184 | E50: 305420.2 | F50: =IF(C50="SIM",'01 Preços'!$B$11,0) -> 80210.9 | G50: =SUM(D50:F50) -> 681815.1 | H50: =B50*G50 -> 0
F51: =IF(C51="SIM",'01 Preços'!$B$11,0) -> 0 | G51: =SUM(D51:F51) -> 0 | H51: =B51*G51 -> 0
F52: =IF(C52="SIM",'01 Preços'!$B$11,0) -> 0 | G52: =SUM(D52:F52) -> 0 | H52: =B52*G52 -> 0
F53: =IF(C53="SIM",'01 Preços'!$B$11,0) -> 0 | G53: =SUM(D53:F53) -> 0 | H53: =B53*G53 -> 0
F54: =IF(C54="SIM",'01 Preços'!$B$11,0) -> 0 | G54: =SUM(D54:F54) -> 0 | H54: =B54*G54 -> 0
A55: PMV Veículo Especial | B55: =SUM(B43:B54) -> 75 | H55: =IF(B55=0,0,SUM(H43:H54)/B55) -> 783234.92
A57: Preço Médio do Veículo - PMV | B57: =B55+B41+B37+B15 -> 352 | H57: =((B15*H15+B37*H37+B41*H41+B55*H55)/B57) -> 531991.64
A59: Distribuição da Frota por Faixa Etária
A61: Faixa | B61: Coef Idade | C61: Total Lote
A62: 00 a 01 | B62: 0.5 | C62: 67
A63: 01 a 02 | B63: 1.5 | C63: 2
A64: 02 a 03 | B64: 2.5 | C64: 28
A65: 03 a 04 | B65: 3.5 | C65: 0
A66: 04 a 05 | B66: 4.5 | C66: 92
A67: 05 a 06 | B67: 5.5 | C67: 31
A68: 06 a 07 | B68: 6.5 | C68: 71
A69: 07 a 08 | B69: 7.5 | C69: 26
A70: 08 a 09 | B70: 8.5 | C70: 35
A71: 09 a 10 | B71: 9.5 | C71: 0
A72: 10 + | B72: 10.5 | C72: 0
A73: Total | C73: =SUM(C62:C72) -> 352
A74: Idade Média | C74: =SUMPRODUCT($B$62:$B$72,C62:C72)/C73 -> 4.6732955
A75: Preço Médio | C75: =H57 -> 531991.64
A77: Proporção de Veículos Com Ar Condicionado
A78: Veículo Tipo | B78: Com Ar Condcionado | C78: Sem Ar Condicionado | D78: Total | E78: Proporção Com Ar Condicionado %
A79: Leve | B79: =SUMIF($C$7:$C$14,"SIM",$B$7:$B$14) -> 3 | C79: =SUMIF($C$7:$C$14,"NÃO",$B$7:$B$14) -> 0 | D79: =B79+C79 -> 3 | E79: =IF(D79=0,0,B79/D79) -> 1
A80: Pesado | B80: =SUMIF($C$17:$C$36,"SIM",$B$17:$B$36) -> 160 | C80: =SUMIF($C$17:$C$36,"NÃO",$B$17:$B$36) -> 114 | D80: =B80+C80 -> 274 | E80: =IF(D80=0,0,B80/D80) -> 0.58394161
A81: Trucado | B81: =SUMIF($C$39:$C$40,"SIM",$B$39:$B$40) -> 0 | C81: =SUMIF($C$39:$C$40,"NÃO",$B$39:$B$40) -> 0 | D81: =B81+C81 -> 0 | E81: =IF(D81=0,0,B81/D81) -> 0
A82: Especial | B82: =SUMIF($C$43:$C$54,"SIM",$B$43:$B$54) -> 45 | C82: =SUMIF($C$43:$C$54,"NÃO",$B$43:$B$54) -> 30 | D82: =B82+C82 -> 75 | E82: =IF(D82=0,0,B82/D82) -> 0.6
A83: Total de Veículos | B83: =SUM(B79:B82) -> 208 | C83: =SUM(C79:C82) -> 144 | D83: =SUM(D79:D82) -> 352 | E83: =IF(D83=0,0,B83/D83) -> 0.59090909

Sheet 05 CustVar
A1: PLANILHA 05 - DETERMINAÇÃO DOS CUSTOS VARIÁVEIS
A3: Categoria | B3: Quantidade | C3: Coeficiente | D3: Preço combustível | E3: Total R$
A4: Micro Dianteiro | C4: ='02 Coeficientes'!B4 -> 0.3167 | D4: ='01 Preços'!$B$5 -> 2.5574 | E4: =B4*C4*D4 -> 0
A5: Leve Dianteiro | C5: ='02 Coeficientes'!B5 -> 0 | D5: ='01 Preços'!$B$5 -> 2.5574 | E5: =B5*C5*D5 -> 0
A6: Leve Dianteiro Ar Cx | C6: ='02 Coeficientes'!B6 -> 0 | D6: ='01 Preços'!$B$5 -> 2.5574 | E6: =B6*C6*D6 -> 0
A7: Leve Dianteiro Ar | C7: ='02 Coeficientes'!B7 -> 0 | D7: ='01 Preços'!$B$5 -> 2.5574 | E7: =B7*C7*D7 -> 0
A8: Leve Dianteiro Cx | C8: ='02 Coeficientes'!B8 -> 0 | D8: ='01 Preços'!$B$5 -> 2.5574 | E8: =B8*C8*D8 -> 0
A9: Leve Traseiro | C9: ='02 Coeficientes'!B9 -> 0.3897 | D9: ='01 Preços'!$B$5 -> 2.5574 | E9: =B9*C9*D9 -> 0
A10: Leve Traseiro Ar Cx | B10: 3 | C10: ='02 Coeficientes'!B10 -> 0.5526 | D10: ='01 Preços'!$B$5 -> 2.5574 | E10: =B10*C10*D10 -> 4.2396577
A11: Leve Traseiro Ar | C11: ='02 Coeficientes'!B11 -> 0 | D11: ='01 Preços'!$B$5 -> 2.5574 | E11: =B11*C11*D11 -> 0
A12: Leve Traseiro Cx | C12: ='02 Coeficientes'!B12 -> 0 | D12: ='01 Preços'!$B$5 -> 2.5574 | E12: =B12*C12*D12 -> 0
A13: Pesado Dianteiro | B13: 65 | C13: ='02 Coeficientes'!B13 -> 0.4025 | D13: ='01 Preços'!$B$5 -> 2.5574 | E13: =B13*C13*D13 -> 66.907978
A14: Pesado Dianteiro Ar Cx | C14: ='02 Coeficientes'!B14 -> 0 | D14: ='01 Preços'!$B$5 -> 2.5574 | E14: =B14*C14*D14 -> 0
A15: Pesado Dianteiro Ar | C15: ='02 Coeficientes'!B15 -> 0.4669 | D15: ='01 Preços'!$B$5 -> 2.5574 | E15: =B15*C15*D15 -> 0
A16: Pesado Dianteiro Cx | C16: ='02 Coeficientes'!B16 -> 0 | D16: ='01 Preços'!$B$5 -> 2.5574 | E16: =B16*C16*D16 -> 0
A17: Pesado Traseiro | C17: ='02 Coeficientes'!B17 -> 0.4484 | D17: ='01 Preços'!$B$5 -> 2.5574 | E17: =B17*C17*D17 -> 0
A18: Pesado Traseiro Ar Cx | B18: 160 | C18: ='02 Coeficientes'!B18 -> 0.6064 | D18: ='01 Preços'!$B$5 -> 2.5574 | E18: =B18*C18*D18 -> 248.12918
A19: Pesado Traseiro Ar | C19: ='02 Coeficientes'!B19 -> 0.5233 | D19: ='01 Preços'!$B$5 -> 2.5574 | E19: =B19*C19*D19 -> 0
A20: Pesado Traseiro Cx | B20: 49 | C20: ='02 Coeficientes'!B20 -> 0.5431 | D20: ='01 Preços'!$B$5 -> 2.5574 | E20: =B20*C20*D20 -> 68.057273
A21: Pesado Central | C21: ='02 Coeficientes'!B21 -> 0 | D21: ='01 Preços'!$B$5 -> 2.5574 | E21: =B21*C21*D21 -> 0
A22: Pesado Central Ar Cx | C22: ='02 Coeficientes'!B22 -> 0 | D22: ='01 Preços'!$B$5 -> 2.5574 | E22: =B22*C22*D22 -> 0
A23: Pesado Central Ar | C23: ='02 Coeficientes'!B23 -> 0 | D23: ='01 Preços'!$B$5 -> 2.5574 | E23: =B23*C23*D23 -> 0
A24: Pesado Central Cx | C24: ='02 Coeficientes'!B24 -> 0 | D24: ='01 Preços'!$B$5 -> 2.5574 | E24: =B24*C24*D24 -> 0
A25: Trucado Dianteiro | C25: ='02 Coeficientes'!B25 -> 0.4498 | D25: ='01 Preços'!$B$5 -> 2.5574 | E25: =B25*C25*D25 -> 0
A26: Especial Dianteiro | C26: ='02 Coeficientes'!B26 -> 0.5343 | D26: ='01 Preços'!$B$5 -> 2.5574 | E26: =B26*C26*D26 -> 0
A27: Especial Central Ar Cx | C27: ='02 Coeficientes'!B27 -> 0 | D27: ='01 Preços'!$B$5 -> 2.5574 | E27: =B27*C27*D27 -> 0
A28: Especial Central Ar | C28: ='02 Coeficientes'!B28 -> 0 | D28: ='01 Preços'!$B$5 -> 2.5574 | E28: =B28*C28*D28 -> 0
A29: Especial Central Cx | B29: 15 | C29: ='02 Coeficientes'!B29 -> 0 | D29: ='01 Preços'!$B$5 -> 2.5574 | E29: =B29*C29*D29 -> 0
A30: Especial Central | C30: ='02 Coeficientes'!B30 -> 0 | D30: ='01 Preços'!$B$5 -> 2.5574 | E30: =B30*C30*D30 -> 0
A31: Especial Central Ar Cx | B31: 45 | C31: ='02 Coeficientes'!B31 -> 0.7985 | D31: ='01 Preços'!$B$5 -> 2.5574 | E31: =B31*C31*D31 -> 91.893775
A32: Especial Central Ar | C32: ='02 Coeficientes'!B32 -> 0 | D32: ='01 Preços'!$B$5 -> 2.5574 | E32: =B32*C32*D32 -> 0
A33: Especial Central Cx | C33: ='02 Coeficientes'!B33 -> 0.7735 | D33: ='01 Preços'!$B$5 -> 2.5574 | E33: =B33*C33*D33 -> 0
A34: Especial Traseiro | C34: ='02 Coeficientes'!B34 -> 0 | D34: ='01 Preços'!$B$5 -> 2.5574 | E34: =B34*C34*D34 -> 0
A35: Especial Traseiro Ar Cx | C35: ='02 Coeficientes'!B35 -> 0.753 | D35: ='01 Preços'!$B$5 -> 2.5574 | E35: =B35*C35*D35 -> 0
A36: Especial Traseiro Ar | C36: ='02 Coeficientes'!B36 -> 0 | D36: ='01 Preços'!$B$5 -> 2.5574 | E36: =B36*C36*D36 -> 0
A37: Especial Traseiro Cx | B37: 15 | C37: ='02 Coeficientes'!B37 -> 0.686 | D37: ='01 Preços'!$B$5 -> 2.5574 | E37: =B37*C37*D37 -> 26.315646
A38: Total | B38: =SUM(B4:B37) -> 352 | E38: =SUM(E4:E37) -> 505.54351
A40: Custo km Combustível R$/km | E40: =E38/B38 -> 1.4362031
A42: Custo km Óleo/Lubrificantes R$/km | E42: =E40*'02 Coeficientes'!$B$38 -> 0.03188371
A44: Pneus | B44: Sistema | C44: Preço Pneu | D44: Qtd Pneu | E44: Preço Por Veic R$
A45: Veículo Micro / Leve | B45: ='04 Frota'!D79 -> 3 | C45: ='01 Preços'!B6 -> 1196.2473 | D45: ='02 Coeficientes'!B41 -> 6 | E45: =C45*D45 -> 7177.4838
A46: Veículo Pesado | B46: ='04 Frota'!D80 -> 274 | C46: ='01 Preços'!B8 -> 1435.4019 | D46: ='02 Coeficientes'!B42 -> 6 | E46: =C46*D46 -> 8612.4111
A47: Veículo Trucado | B47: ='04 Frota'!D81 -> 0 | C47: =C46 -> 1435.4019 | D47: ='02 Coeficientes'!B43 -> 8 | E47: =C47*D47 -> 11483.215
A48: Veículo Especial | B48: ='04 Frota'!D82 -> 75 | C48: =C47 -> 1435.4019 | D48: ='02 Coeficientes'!B44 -> 10 | E48: =C48*D48 -> 14354.019
A49: Frota total | B49: =SUM(B45:B48) -> 352
A50: Custo Total Ponderado | E50: =(B45*$E$45+B46*$E$46+B47*$E$47+B48*$E$48)/B49 -> 9823.5355
A52: Recapagem | B52: Sistema | C52: Preço Recap R$ | D52: Pneu x Rec | E52: Preço Por Veic R$
A53: Veículo Micro / Leve | B53: =B45 -> 3 | C53: ='01 Preços'!B7 -> 348.2698 | D53: =D45*2 -> 12 | E53: =C53*D53 -> 4179.2376
A54: Veículo Pesado | B54: =B46 -> 274 | C54: ='01 Preços'!B9 -> 362.83197 | D54: =D46*2 -> 12 | E54: =C54*D54 -> 4353.9836
A55: Veículo Trucado | B55: =B47 -> 0 | C55: =C54 -> 362.83197 | D55: =D47*2 -> 16 | E55: =C55*D55 -> 5805.3115
A56: Veículo Especial | B56: =B48 -> 75 | C56: =C55 -> 362.83197 | D56: =D48*2 -> 20 | E56: =C56*D56 -> 7256.6393
A57: Frota total | B57: =SUM(B53:B56) -> 352
A58: Custo Total Ponderado | E58: =(B53*$E$53+B54*$E$54+B55*$E$55+B56*$E$56)/B57 -> 4970.9579
A60: Custo Total Ponderado (Pneus + Recapagens) | E60: =E50+E58 -> 14794.493
A62: Custo Rodagem R$/km | E62: =E60/SUM('02 Coeficientes'!$B$39:$B$40) -> 0.088029449

Sheet 06 CustPeças&Aces
A1: PLANILHA 06 - DESPESAS COM PEÇAS E ACESSÓRIOS
A4: Despesas com peças e acessórios | B4: Valor adotado | C4: Unid.
A5: Preço do Veículo Médio da Frota | B5: ='04 Frota'!H57 -> 531991.64 | C5: R$/veíc.
A6: Coef Mês Peç/Aces | B6: ='02 Coeficientes'!B54 -> 0.0047
A7: Desp Mês Peç/Aces | B7: =B5*B6 -> 2500.3607 | C7: R$/veíc.
A8: PMM Operacional | B8: ='03 Dados_Oper'!B13 -> 5819.6147 | C8: km/veíc.
A9: Custo km peças&acessórios | B9: =B7/B8 -> 0.42964368 | C9: R$/km

Sheet 07 Deprec.
A1: PLANILHA 07 - CÁLCULO DO CUSTO DE DEPRECIAÇÃO DE CAPITAL
A3: Determinação do custo de depreciação da frota
A5: Faixa ano | B5: Coef Idade | C5: Vida útil | D5: Fator depr. | E5: Valor adotado
A6: 00 a 01 | B6: 0.5 | C6: 10 | D6: =(1-'02 Coeficientes'!$B$47/100)*C6/SUM('07 Deprec.'!$C$6:$C$16) -> 0.15454545 | E6: ='04 Frota'!C62 -> 67
A7: 01 a 02 | B7: 1.5 | C7: =C6-1 -> 9 | D7: =(1-'02 Coeficientes'!$B$47/100)*C7/SUM('07 Deprec.'!$C$6:$C$16) -> 0.13909091 | E7: ='04 Frota'!C63 -> 2
A8: 02 a 03 | B8: 2.5 | C8: =C7-1 -> 8 | D8: =(1-'02 Coeficientes'!$B$47/100)*C8/SUM('07 Deprec.'!$C$6:$C$16) -> 0.12363636 | E8: ='04 Frota'!C64 -> 28
A9: 03 a 04 | B9: 3.5 | C9: =C8-1 -> 7 | D9: =(1-'02 Coeficientes'!$B$47/100)*C9/SUM('07 Deprec.'!$C$6:$C$16) -> 0.10818182 | E9: ='04 Frota'!C65 -> 0
A10: 04 a 05 | B10: 4.5 | C10: =C9-1 -> 6 | D10: =(1-'02 Coeficientes'!$B$47/100)*C10/SUM('07 Deprec.'!$C$6:$C$16) -> 0.092727273 | E10: ='04 Frota'!C66 -> 92
A11: 05 a 06 | B11: 5.5 | C11: =C10-1 -> 5 | D11: =(1-'02 Coeficientes'!$B$47/100)*C11/SUM('07 Deprec.'!$C$6:$C$16) -> 0.077272727 | E11: ='04 Frota'!C67 -> 31
A12: 06 a 07 | B12: 6.5 | C12: =C11-1 -> 4 | D12: =(1-'02 Coeficientes'!$B$47/100)*C12/SUM('07 Deprec.'!$C$6:$C$16) -> 0.061818182 | E12: ='04 Frota'!C68 -> 71
A13: 07 a 08 | B13: 7.5 | C13: =C12-1 -> 3 | D13: =(1-'02 Coeficientes'!$B$47/100)*C13/SUM('07 Deprec.'!$C$6:$C$16) -> 0.046363636 | E13: ='04 Frota'!C69 -> 26
A14: 08 a 09 | B14: 8.5 | C14: =C13-1 -> 2 | D14: =(1-'02 Coeficientes'!$B$47/100)*C14/SUM('07 Deprec.'!$C$6:$C$16) -> 0.030909091 | E14: ='04 Frota'!C70 -> 35
A15: 09 a 10 | B15: 9.5 | C15: =C14-1 -> 1 | D15: =(1-'02 Coeficientes'!$B$47/100)*C15/SUM('07 Deprec.'!$C$6:$C$16) -> 0.015454545 | E15: ='04 Frota'!C71 -> 0
A16: 10 + | B16: 10.5 | C16: =C15-1 -> 0 | D16: =(1-'02 Coeficientes'!$B$47/100)*C16/SUM('07 Deprec.'!$C$6:$C$16) -> 0 | E16: ='04 Frota'!C72 -> 0
A17: Frota Total | E17: =SUM(E6:E16) -> 352
A18: Idade Média da Frota | E18: =SUMPRODUCT($B$6:$B$16,E6:E16)/E17 -> 4.6732955
A19: Coeficiente de depreciação Cole | E19: =SUMPRODUCT(E6:E16,$D$6:$D$16)/E17 -> 0.09004907
A20: Coeficiente mensal de depreciação final | E20: =E19*E17/12 -> 2.6414394
A21: Preço ponderado dos pneus | E21: ='05 CustVar'!E50 -> 9823.5355
A22: Preço médio da frota | E22: ='04 Frota'!H57 -> 531991.64
A23: Preço médio da frota sem pneus | E23: =E22-E21 -> 522168.11
A24: PMM Total | E24: ='03 Dados_Oper'!B14 -> 5290.5589
A25: Custo km depreciação da frota | E25: =E20*E23/E17/E24 -> 0.74063934
A28: Depreciação de edificações, equipamentos e mobiliário de garagem | E28: Sistema
A29: Coeficiente de depreciação de edificações,equipamentos e mobiliário de garagem | E29: ='02 Coeficientes'!$B$48 -> 0.00037
A30: Preço médio do veículo - PMV | E30: ='04 Frota'!H57 -> 531991.64
A31: Depreciação mês | E31: =E30*E29 -> 196.83691
A32: PMM Total | E32: ='03 Dados_Oper'!B14 -> 5290.5589
A33: Custo km depreciação de edificações, equipamentos e mobiliário de garagem | E33: =E31/E32 -> 0.037205315
A36: Depreciação dos veículos de apoio | E36: Sistema
A37: Coeficiente de depreciação dos veículos de apoio | E37: ='02 Coeficientes'!$B$49 -> 5e-05
A38: Preço médio do veículo - PMV | E38: ='04 Frota'!H57 -> 531991.64
A39: Depreciação mês | E39: =E38*E37 -> 26.599582
A40: PMM Total | E40: ='03 Dados_Oper'!B14 -> 5290.5589
A41: Custo km depreciação dos veículos de apoio | E41: =E39/E40 -> 0.0050277452

Sheet 08 Remun.
A1: PLANILHA 08 - CÁLCULO DO CUSTO DE REMUNERAÇÃO DE CAPITAL
A3: Determinação do custo de remuneração do capital imobilizado em frota
A5: Faixa ano | B5: Coef Idade | C5: Vida útil | D5: Fator remun. | E5: Vida útil acum. | F5: Valor adotado
A6: 00 a 01 | B6: 0.5 | C6: 10 | D6: =(1-(1-'02 Coeficientes'!$B$47/100)*E6/SUM('08 Remun.'!$C$6:$C$16))*'02 Coeficientes'!$B$53/100 -> 0.0623 | E6: 0 | F6: ='07 Deprec.'!E6 -> 67
A7: 01 a 02 | B7: 1.5 | C7: =C6-1 -> 9 | D7: =(1-(1-'02 Coeficientes'!$B$47/100)*E7/SUM('08 Remun.'!$C$6:$C$16))*'02 Coeficientes'!$B$53/100 -> 0.052671818 | E7: =C6+E6 -> 10 | F7: ='07 Deprec.'!E7 -> 2
A8: 02 a 03 | B8: 2.5 | C8: =C7-1 -> 8 | D8: =(1-(1-'02 Coeficientes'!$B$47/100)*E8/SUM('08 Remun.'!$C$6:$C$16))*'02 Coeficientes'!$B$53/100 -> 0.044006455 | E8: =C7+E7 -> 19 | F8: ='07 Deprec.'!E8 -> 28
A9: 03 a 04 | B9: 3.5 | C9: =C8-1 -> 7 | D9: =(1-(1-'02 Coeficientes'!$B$47/100)*E9/SUM('08 Remun.'!$C$6:$C$16))*'02 Coeficientes'!$B$53/100 -> 0.036303909 | E9: =C8+E8 -> 27 | F9: ='07 Deprec.'!E9 -> 0
A10: 04 a 05 | B10: 4.5 | C10: =C9-1 -> 6 | D10: =(1-(1-'02 Coeficientes'!$B$47/100)*E10/SUM('08 Remun.'!$C$6:$C$16))*'02 Coeficientes'!$B$53/100 -> 0.029564182 | E10: =C9+E9 -> 34 | F10: ='07 Deprec.'!E10 -> 92
A11: 05 a 06 | B11: 5.5 | C11: =C10-1 -> 5 | D11: =(1-(1-'02 Coeficientes'!$B$47/100)*E11/SUM('08 Remun.'!$C$6:$C$16))*'02 Coeficientes'!$B$53/100 -> 0.023787273 | E11: =C10+E10 -> 40 | F11: ='07 Deprec.'!E11 -> 31
A12: 06 a 07 | B12: 6.5 | C12: =C11-1 -> 4 | D12: =(1-(1-'02 Coeficientes'!$B$47/100)*E12/SUM('08 Remun.'!$C$6:$C$16))*'02 Coeficientes'!$B$53/100 -> 0.018973182 | E12: =C11+E11 -> 45 | F12: ='07 Deprec.'!E12 -> 71
A13: 07 a 08 | B13: 7.5 | C13: =C12-1 -> 3 | D13: =(1-(1-'02 Coeficientes'!$B$47/100)*E13/SUM('08 Remun.'!$C$6:$C$16))*'02 Coeficientes'!$B$53/100 -> 0.015121909 | E13: =C12+E12 -> 49 | F13: ='07 Deprec.'!E13 -> 26
A14: 08 a 09 | B14: 8.5 | C14: =C13-1 -> 2 | D14: =(1-(1-'02 Coeficientes'!$B$47/100)*E14/SUM('08 Remun.'!$C$6:$C$16))*'02 Coeficientes'!$B$53/100 -> 0.012233455 | E14: =C13+E13 -> 52 | F14: ='07 Deprec.'!E14 -> 35
A15: 09 a 10 | B15: 9.5 | C15: =C14-1 -> 1 | D15: =(1-(1-'02 Coeficientes'!$B$47/100)*E15/SUM('08 Remun.'!$C$6:$C$16))*'02 Coeficientes'!$B$53/100 -> 0.010307818 | E15: =C14+E14 -> 54 | F15: ='07 Deprec.'!E15 -> 0
A16: 10 + | B16: 10.5 | C16: =C15-1 -> 0 | D16: =(1-(1-'02 Coeficientes'!$B$47/100)*E16/SUM('08 Remun.'!$C$6:$C$16))*'02 Coeficientes'!$B$53/100 -> 0.009345 | E16: =C15+E15 -> 55 | F16: ='07 Deprec.'!E16 -> 0
A17: Frota Total | F17: =SUM(F6:F16) -> 352
A18: Idade Média da Frota | F18: =SUMPRODUCT($B$6:$B$16,F6:F16)/F17 -> 4.6732955
A19: Coeficiente de remuneração Cole | F19: =SUMPRODUCT(F6:F16,$D$6:$D$16)/F17 -> 0.031640259
A20: Coeficiente mensal de remuneração final | F20: =F19*F17/12 -> 0.92811425
A21: Preço ponderado dos pneus | F21: ='05 CustVar'!E50 -> 9823.5355
A22: Preço médio do veículo - PMV | F22: ='04 Frota'!H57 -> 531991.64
A23: Preço médio da frota sem pneus | F23: =F22-F21 -> 522168.11
A24: PMM Total | F24: ='03 Dados_Oper'!B14 -> 5290.5589
A25: Custo km remuneração da frota | F25: =F20*F23/F17/F24 -> 0.26023612
A28: Remuneração de terrenos, edificações, equipamentos e mobiliário de garagem | F28: Valor adotado
A29: Coeficiente de remuneração de edificações,equipamentos e mobiliário de garagem | F29: ='02 Coeficientes'!B50 -> 0.00156
A30: Preço médio do veículo - PMV | F30: =F22 -> 531991.64
A31: Remuneração mês | F31: =F30*F29 -> 829.90696
A32: PMM Total | F32: =F24 -> 5290.5589
A33: Custo km remuneração de edificações, equip.&mob.gar. | F33: =F31/F32 -> 0.15686565
A36: Remuneração de almoxarifado | F36: Valor adotado
A37: Coeficiente de remuneração de almoxarifado | F37: ='02 Coeficientes'!B51 -> 4e-05
A38: Preço médio do veículo - PMV | F38: =F22 -> 531991.64
A39: Remuneração mês | F39: =F38*F37 -> 21.279666
A40: PMM Total | F40: =F24 -> 5290.5589
A41: Custo km remuneração de almoxarifado | F41: =F39/F40 -> 0.0040221962
A44: Remuneração dos veículos de apoio | F44: Valor adotado
A45: Coeficiente de remuneração dos veículos de apoio | F45: ='02 Coeficientes'!B52 -> 3e-05
A46: Preço médio do veículo - PMV | F46: =F38 -> 531991.64
A47: Remuneração mês | F47: =F46*F45 -> 15.959749
A48: PMM Total | F48: =F40 -> 5290.5589
A49: Custo km remuneração dos veículos de apoio | F49: =F47/F48 -> 0.0030166471

Sheet 09 CustosPessoal
A1: PLANILHA 09 - DESPESAS COM PESSOAL
A3: Despesas Pessoal de Operação | B3: Salário | C3: Quinquênio | D3: Enc Social | E3: FU adotado
A4: Motorista | B4: ='01 Preços'!B12 -> 2168.45 | C4: ='02 Coeficientes'!$B$56 -> 4.29 | D4: ='02 Coeficientes'!$B$55 -> 42.1 | E4: ='03 Dados_Oper'!B5 -> 2.3268
A5: Cobrador | B5: ='01 Preços'!B13 -> 1302.76 | C5: ='02 Coeficientes'!$B$56 -> 4.29 | D5: ='02 Coeficientes'!$B$55 -> 42.1 | E5: =E4 -> 2.3268
A6: Fiscal | B6: ='01 Preços'!B14 -> 2168.45 | C6: ='02 Coeficientes'!$B$56 -> 4.29 | D6: ='02 Coeficientes'!$B$55 -> 42.1 | E6: ='02 Coeficientes'!$B$72 -> 0.2
A7: Despesa Total (R$ / veíc.) | E7: =$B$4*(1+$C$4/100)*(1+$D$4/100)*E4+$B$5*(1+$C$5/100)*(1+$D$5/100)*E5+$B$6*(1+$C$6/100)*(1+$D$6/100)*E6 -> 12612.23
A8: PMM Operacional (km/veíc.) | E8: ='03 Dados_Oper'!B13 -> 5819.6147
A9: Custo km pessoal de operação (R$ / km) | E9: =E7/E8 -> 2.1671933
A11: Despesas Pessoal de Manutenção | E11: Valor adotado
A12: Fator de Utilização Pessoal de Manutenção | E12: ='02 Coeficientes'!$B$73 -> 0.1074
A13: Manutenção (Despesa total pessoal operacional) | E13: =E7 -> 12612.23
A14: Despesa Total (R$ / veíc.) | E14: =E12*E13 -> 1354.5535
A15: PMM Operacional (km/veíc.) | E15: =E8 -> 5819.6147
A16: Custo km pessoal de manutenção (R$ / km) | E16: =E14/E15 -> 0.23275657
A18: Despesas de alimentação pessoal de operação | E18: FU adotado
A19: Motorista | E19: =E4 -> 2.3268
A20: Cobrador | E20: =E5 -> 2.3268
A21: Fiscal | E21: =E6 -> 0.2
A22: Despesa Total (R$ / veíc.) | E22: ='01 Preços'!$B$15*'02 Coeficientes'!$B$57*('02 Coeficientes'!$B$58/100)*(1-('02 Coeficientes'!$B$59/100))*'09 CustosPessoal'!E19*2+'01 Preços'!$B$15*'02 Coeficientes'!$B$57*'02 Coeficientes'!$B$58/100*(1-('02 Coeficientes'!$B$59/100))*'09 CustosPessoal'!E21 -> 1528.884
A23: PMM Operacional (km/veíc.) | E23: =E15 -> 5819.6147
A24: Custo km alim.pessoal de operação (R$ / km) | E24: =E22/E23 -> 0.26271224
A26: Despesas de alimentação pessoal de manutenção | E26: Valor adotado
A27: Fator de Utilização Pessoal de Manutenção | E27: ='02 Coeficientes'!$B$73 -> 0.1074
A28: Manutenção (Despesa total pessoal operacional) | E28: =E22 -> 1528.884
A29: Despesa Total (R$ / veíc.) | E29: =E27*E28 -> 164.20214
A30: PMM Operacional (km/veíc.) | E30: =E23 -> 5819.6147
A31: Custo km pessoal de manutenção (R$ / km) | E31: =E29/E30 -> 0.028215294
A33: Resumo Despesa Total Pessoal de Operação | E33: Valor adotado
A34: Salários pessoal de operação | E34: =E7 -> 12612.23
A35: Alimentação Pessoal Operacional | E35: =E22 -> 1528.884
A36: Despesa Total (R$ / veíc.) | E36: =E34+E35 -> 14141.114
A37: PMM Operacional (km/veíc.) | E37: =E30 -> 5819.6147
A38: Custo km pessoal de operação (R$ / km) | E38: =E36/E37 -> 2.4299056
A40: Resumo Despesa Total Pessoal de Manutenção | E40: Valor adotado
A41: Salários pessoal de manutenção (R$) | E41: =E14 -> 1354.5535
A42: Alimentação Pessoal de Manutenção (R$) | E42: =E29 -> 164.20214
A43: Despesa Total (R$ / veíc.) | E43: =E41+E42 -> 1518.7557
A44: PMM Operacional (km/veíc.) | E44: =E37 -> 5819.6147
A45: Custo km pessoal de manutenção (R$ / km) | E45: =E43/E44 -> 0.26097186
A47: Despesa com Pessoal de Administração | E47: Valor adotado
A48: Despesas com Pessoal de Operação (R$/veíc.) | E48: =E36 -> 14141.114
A49: FU Administração | E49: ='02 Coeficientes'!$B$74 -> 0.0697
A50: Despesa Total (R$ / veíc.) | E50: =E48*E49 -> 985.63567
A51: PMM Operacional (km/veíc.) | E51: =E44 -> 5819.6147
A52: Custo km pessoal de administração (R$ / km) | E52: =E50/E51 -> 0.16936442
A54: Despesa com Plano de Saúde dos Rodoviários | E54: Valor adotado
A55: Valor do Plano de Saúde por veículo (R$/veíc.) | E55: ='01 Preços'!$B$16 -> 890
A56: PMM Operacional (km/veíc.) | E56: =E51 -> 5819.6147
A57: Custo km Plano de Saúde Rodoviários (R$ / km) | E57: =E55/E56 -> 0.15293109
A59: Despesa com Honorários da Administração | E59: Valor adotado
A60: Salário Motorista (R$) | E60: ='01 Preços'!$B$12 -> 2168.45
A61: Nro Salario Motorista | E61: ='02 Coeficientes'!$B$62 -> 5
A62: Salário Diretor (R$) | E62: =E60*E61 -> 10842.25
A63: Nº Diretores Remunerados no Lote | E63: ='02 Coeficientes'!B65 -> 3
A64: INSS (%) | E64: ='02 Coeficientes'!$B$66 -> 15
A65: Despesa Total (R$) | E65: =E62*E63*(1+E64/100) -> 37405.762
A66: Frota Operacional (veíc.) | E66: ='03 Dados_Oper'!B9 -> 320
A67: Despesa Total / Veic (R$ / veíc.) | E67: =E65/E66 -> 116.89301
A68: PMM Operacional (km/veíc.) | E68: =E56 -> 5819.6147
A69: Custo km Honorários da Administração (R$ / km) | E69: =E67/E68 -> 0.020086039

Sheet 10 CustosAdmin
A1: PLANILHA 10 - DESPESAS ADMINISTRATIVAS
A4: Outras Despesas | B4: Valor adotado
A5: Preço Médio do Veículo - PMV (R$/veíc.) | B5: ='04 Frota'!H57 -> 531991.64
A6: Coef Outras Despesas | B6: ='02 Coeficientes'!$B$60 -> 0.004
A7: Despesa Total (R$ / veíc.) | B7: =B5*B6 -> 2127.9666
A8: PMM Operacional (km/veíc.) | B8: ='03 Dados_Oper'!B13 -> 5819.6147
A9: Custo km Outras Despesas (R$ / km) | B9: =B7/B8 -> 0.3656542
A12: Despesa com DPVAT | B12: Valor adotado
A13: Seguro DPVAT | B13: ='01 Preços'!$B$18 -> 396.49
A14: Coef Mês Seguro DPVAT | B14: ='02 Coeficientes'!$B$61 -> 8.3333333
A15: Despesa Mês DPVAT | B15: =B13*B14/100 -> 33.040833
A16: PMM Total (km/veíc.) | B16: ='03 Dados_Oper'!B14 -> 5290.5589
A17: Custo km DPVAT (R$ / km) | B17: =B15/B16 -> 0.0062452445
A20: Despesa com Seguro Passageiro | B20: Valor adotado
A21: Seguro Passageiro (R$/veic.) | B21: ='01 Preços'!$B$17 -> 14.58
A22: PMM Total (km/veíc.) | B22: =B16 -> 5290.5589
A23: Custo km Seguro Pass. (R$ / km) | B23: =B21/B22 -> 0.0027558525
A26: Resumo Despesas com Seguros (DPVAT + Pass.) | B26: Valor adotado
A27: Custo km DPVAT (R$ / km) | B27: =B17 -> 0.0062452445
A28: Custo km Seguro Pass. (R$ / km) | B28: =B23 -> 0.0027558525
A29: Custo km Total (R$ / km) | B29: =SUM(B27:B28) -> 0.009001097

Sheet Aux.02.01 Coef_Depr
A1: PLANILHA AUX.2.1 - DEMONSTRAÇÃO DO CÁLCULO DOS COEFICIENTES DE DEPRECIAÇÃO DE CAPITAL
A3: Resumo | D3: Sistema
A4: Edificações, equipamentos e mobiliário de garagem | D4: =D22 -> 0.00037026339
A5: Equipamentos de Bilhetagem e ITS | D5: =D28 -> 0
A6: Veículos de apoio | D6: =D34 -> 5.2166537e-05
A8: Parâmetros considerados
B9: Número de meses de vida útil das edificações, equipamentos e mobiliário de garagem | C9: Mês | D9: =12*25 -> 300
B10: Número de meses de vida útil – bilhetagem eletrônica e ITS | C10: Mês | D10: =12*5 -> 60
B11: Número de meses de vida útil – Veículos de apoio | C11: Mês | D11: =10*12 -> 120
A13: PMV | B13: Preço Médio do Veículo | C13: R$ | D13: ='[2]04 Frota'!D39 -> 406465.35
A14: Fr | B14: Frota Total | C14: Veiculos | D14: ='[2]03 Dados_Oper'!B13 -> 1709
A16: Depreciação do capital imobilizado
A18: Cálculo do coeficiente de depreciação de edif., equip. e mobiliário de garagem | D18: Sistema
A19: Capital investido em edificações, equipamentos e mobiliário de garagem | D19: ='Aux.02.03 Ativo Imobilizado'!B22-'Aux.02.04 Terrenos'!B19 -> 77160960
A20: Número de meses de vida útil das edificações, equipamentos e mobiliário de garagem | D20: =$D$9 -> 300
A21: Custo mensal de depreciação de edificações, equipamentos e mobiliário de garagem | D21: =D19/D20 -> 257203.2
A22: Coeficiente mensal de depreciação de edif., equip. e mobiliário de garagem | D22: =D21/(D13*D14) -> 0.00037026339
A24: Cálculo do coeficiente de depreciação dos equipamentos de bilhetagem e ITS | D24: Sistema
A25: Capital investido em equipamentos de bilhetagem e ITS | D25: 0
A26: Número de meses de vida útil dos equipamentos de bilhetagem e ITS | D26: =$D$10 -> 60
A27: Custo mensal de depreciação dos equipamentos de bilhetagem e ITS | D27: =D25/D26 -> 0
A28: Coeficiente mensal de depreciação dos equipamentos de bilhetagem e ITS | D28: =D27/(D13*D14) -> 0
A30: Cálculo do coeficiente de depreciação dos veículos de apoio | D30: Sistema
A31: Capital investido em veículos de apoio | D31: ='Aux.02.03 Ativo Imobilizado'!C22 -> 4348493.7
A32: Número de meses de vida útil dos veículos de apoio | D32: =$D$11 -> 120
A33: Custo mensal de depreciação dos veículos de apoio | D33: =D31/D32 -> 36237.448
A34: Coeficiente mensal de depreciação dos veículos de apoio | D34: =D33/(D14*D13) -> 5.2166537e-05

Sheet Aux.02.02 Coef_Remun
A1: PLANILHA AUX.2.2 - DEMONSTRAÇÃO DO CÁLCULO DOS COEFICIENTES DE REMUNERAÇÃO DE CAPITAL
A3: Resumo | D3: Sistema
A4: Terrenos, edificações, equipamentos e mobiliário de garagem | D4: =D16 -> 2.0827745e+08
A5: Almoxarifado | D5: =D21 -> 5657230.3
A6: Equipamentos de Bilhetagem e ITS | D6: 0
A7: Veículos de apoio | D7: =D31 -> 4348493.7
A9: PMV | B9: Preço Médio do Veículo | C9: R$ | D9: ='[2]04 Frota'!D39 -> 406465.35
A10: Fr | B10: Frota Total | C10: Veiculos | D10: ='[2]03 Dados_Oper'!B13 -> 1709
A11: Tx | B11: Taxa de remuneração | C11: ='[2]02 Coeficientes'!F58 -> INPC | D11: ='[2]02 Coeficientes'!$B$58/100 -> 0.0623
A13: Remuneração do capital imobilizado
A15: Cálculo do coeficiente de remuneração do capital investido em terrenos, edif., equip. e mobiliário de garagem | D15: Sistema
A16: Capital investido em terrenos, edificações, equipamentos e mobiliário de garagem | D16: ='Aux.02.03 Ativo Imobilizado'!B22 -> 2.0827745e+08
A17: Remuneração anual do capital | D17: =D16*D11 -> 12975685
A18: Coeficiente mensal de remun.do capital investido em edif.,equip.e mob.de garagem | D18: =D17/(D9*D10)/12 -> 0.0015566231
A20: Cálculo do coeficiente de remuneração do capital investido em almoxarifado | D20: Sistema
A21: Capital investido em almoxarifado (peças e acessórios) - 2 meses de estoque | D21: ='Aux.02.05 Almoxarifado'!O19 -> 5657230.3
A22: Remuneração anual do capital | D22: =D21*D11 -> 352445.45
A23: Coeficiente mensal de remuneração do capital investido em almoxarifado | D23: =D22/(D9*D10)/12 -> 4.2280983e-05
A25: Cálculo do coeficiente de remuneração do capital investido em equipamentos de bilhetagem e ITS | D25: Sistema
A26: Capital investido em equipamentos de bilhetagem e ITS | D26: 0
A27: Remuneração anual do capital | D27: =D26*D11 -> 0
A28: Coeficiente mensal de remun.do capital investido em equip.de bilhetagem e ITS | D28: =D27/(D9*D10)/12 -> 0
A30: Cálculo do coeficiente de remuneração do capital investido em veículos de apoio | D30: Sistema
A31: Capital investido em veículos de apoio | D31: ='Aux.02.03 Ativo Imobilizado'!C22 -> 4348493.7
A32: Remuneração anual do capital | D32: =D31*D11 -> 270911.16
A33: Coeficiente mensal de remuneração do capital investido em veículos de apoio | D33: =D32/(D9*D10)/12 -> 3.2499753e-05

Sheet Aux.02.03 Ativo Imobilizado
A1: PLANILHA AUX.2.3 - VALORES INVESTIDOS EM IMOBILIZADO
A3: Soma de Valores2 | B3: Rótulos de Coluna
A4: Rótulos de Linha | B4: Terrenos, edificações e equipamentos de garagem | C4: Veículos de apoio | D4: Total Geral
A5: Leste | B5: 1.2725081e+08 | C5: 1466307.3 | D5: 1.2871711e+08
A6: Estoril | B6: 213326.19 | C6: 160442.73 | D6: 373768.92
A7: Gazômetro | B7: 11204920 | C7: 195956.75 | D7: 11400877
A8: Pres Vargas | B8: 31449082 | C8: 436924.7 | D8: 31886007
A9: Sudeste | B9: 27157145 | C9: 306777 | D9: 27463922
A10: VAP | B10: 57226332 | C10: 366206.09 | D10: 57592538
A11: Norte | B11: 13807923 | C11: 709919.67 | D11: 14517843
A12: Navegantes | B12: 1310471 | C12: 53237.62 | D12: 1363708.6
A13: Nortran | B13: 2345576.2 | C13: 374000.05 | D13: 2719576.3
A14: Sopal | B14: 10151876 | C14: 282682 | D14: 10434558
A15: Pública | B15: 31654585 | C15: 502316.75 | D15: 32156902
A16: Carris | B16: 31654585 | C16: 502316.75 | D16: 32156902
A17: Sul | B17: 35564137 | C17: 1669950 | D17: 37234087
A18: B Novo | B18: 2352533.2 | D18: 2352533.2
A19: Restinga | B19: 2961712.2 | C19: 267327.9 | D19: 3229040.1
A20: Trevo | B20: 11082816 | C20: 1035951.1 | D20: 12118767
A21: VTC | B21: 19167075 | C21: 366670.98 | D21: 19533746
A22: Total Geral | B22: 2.0827745e+08 | C22: 4348493.7 | D22: 2.1262594e+08
A24: Fonte: Plano de Contas SMT/EPTC 2013
A26: Foram agrupadas as contas dos balancetes enviados pelas empresas em:
A27: Terrenos, edificações, equipamentos de garagem e veículos de apoio

Sheet Aux.02.04 Terrenos
A1: PLANILHA AUX.2.4 - VALORES INVESTIDOS EM TERRENOS
A3: Soma de Valores2 | B3: Rótulos de Coluna
A4: Rótulos de Linha | B4: Terrenos | C4: Total Geral
A5: Leste | B5: 96924798 | C5: 96924798
A6: Gazômetro | B6: 4073922.5 | C6: 4073922.5
A7: Pres Vargas | B7: 27975050 | C7: 27975050
A8: Sudeste | B8: 20973629 | C8: 20973629
A9: VAP | B9: 43902196 | C9: 43902196
A10: Norte | B10: 5332053.7 | C10: 5332053.7
A11: Navegantes | B11: 130418.42 | C11: 130418.42
A12: Nortran | B12: 1635.24 | C12: 1635.24
A13: Sopal | B13: 5200000 | C13: 5200000
A14: Pública | B14: 11289999 | C14: 11289999
A15: Carris | B15: 11289999 | C15: 11289999
A16: Sul | B16: 17569640 | C16: 17569640
... A19: Total Geral | B19: 1.3111649e+08 | C19: 1.3111649e+08
A21: Fonte: Plano de Contas SMT/EPTC 2013

Sheet Aux.02.05 Almoxarifado
A1: PLANILHA AUX.2.5 - VALORES INVESTIDOS EM ALMOXARIFADO
A3: Empresa | B3: Carris | C3: Navegantes | D3: Nortran | E3: Sopal | F3: B Novo | G3: Restinga | H3: Trevo | I3: Vtc | J3: Estoril | K3: Gazometro | L3: Pres Vargas | M3: Sudeste | N3: Vap | O3: SISTEMA
A4: 41275 | B4: =[3]Carris!P650 -> 655226.65 | C4: =[3]Navegantes!P336 -> 82632.41 | D4: =[3]Nortran!P736 -> 274849.75 | E4: =[3]Sopal!P591 -> 225598.02 | F4: ='[3]B Novo'!P568 -> 107454.73 | G4: =[3]Restinga!P852 -> 155642.65 | H4: =[3]Trevo!P458 -> 432750.71 | I4: =[3]Vtc!P631 -> 174463.74 | J4: =[3]Estoril!P492 -> 44178.45 | K4: =[3]Gazômetro!P516 -> 34264.09 | L4: ='[3]Pres Vargas'!P492 -> 422829.73 | M4: =[3]Sudeste!P677 -> 271420.82 | N4: =[3]Vap!P570 -> 197058.55 | O4: =SUM(B4:N4) -> 3078370.3
A5: 41306 | B5: =[3]Carris!P676 -> 442713.06 | C5: =[3]Navegantes!P381 -> 97728.43 | D5: =[3]Nortran!P816 -> 218860.62 | E5: =[3]Sopal!P660 -> 223152.16 | F5: ='[3]B Novo'!P634 -> 109048.44 | G5: =[3]Restinga!P956 -> 155021.53 | H5: =[3]Trevo!P506 -> 356349.15 | I5: =[3]Vtc!P704 -> 139302.59 | J5: =[3]Estoril!P544 -> 42082.85 | K5: =[3]Gazômetro!P563 -> 38537.69 | L5: ='[3]Pres Vargas'!P544 -> -222766 | M5: =[3]Sudeste!P741 -> 262321.84 | N5: =[3]Vap!P630 -> 177159.16 | O5: =SUM(B5:N5) -> 2039511.5
A6: 41334 | B6: =[3]Carris!P704 -> 550792.03 | C6: =[3]Navegantes!P394 -> 108450.89 | D6: =[3]Nortran!P844 -> 213204.66 | E6: =[3]Sopal!P683 -> 192440.63 | F6: ='[3]B Novo'!P656 -> 60462.56 | G6: =[3]Restinga!P988 -> 142251.54 | H6: =[3]Trevo!P522 -> 314666.2 | I6: =[3]Vtc!P727 -> 182574.54 | J6: =[3]Estoril!P562 -> 58910.08 | K6: =[3]Gazômetro!P579 -> 38839.86 | L6: ='[3]Pres Vargas'!P564 -> 138832.96 | M6: =[3]Sudeste!P763 -> 268418.55 | N6: =[3]Vap!P650 -> 189296.56 | O6: =SUM(B6:N6) -> 2459141.1
A7: 41365 | B7: =[3]Carris!P732 -> 731473.59 | C7: =[3]Navegantes!P407 -> 129681.4 | D7: =[3]Nortran!P872 -> 439100.69 | E7: =[3]Sopal!P706 -> 334652.75 | F7: ='[3]B Novo'!P678 -> 63941.56 | G7: =[3]Restinga!P1020 -> 223779.02 | H7: =[3]Trevo!P538 -> 390666.57 | I7: =[3]Vtc!P750 -> 177626.68 | J7: =[3]Estoril!P580 -> 54197.11 | K7: =[3]Gazômetro!P595 -> 41793.79 | L7: ='[3]Pres Vargas'!P584 -> 108581 | M7: =[3]Sudeste!P786 -> 297333.41 | N7: =[3]Vap!P670 -> 216969.75 | O7: =SUM(B7:N7) -> 3209797.3
A8: 41395 | B8: =[3]Carris!P760 -> 646022.69 | C8: =[3]Navegantes!P422 -> 512.19 | D8: =[3]Nortran!P900 -> 266899.32 | E8: =[3]Sopal!P729 -> 278736.4 | F8: ='[3]B Novo'!P700 -> 60798.33 | G8: =[3]Restinga!P1052 -> 212128.58 | H8: =[3]Trevo!P554 -> 397171.93 | I8: =[3]Vtc!P773 -> 146785.86 | J8: =[3]Estoril!P598 -> 58099.16 | K8: =[3]Gazômetro!P611 -> 19132.32 | L8: ='[3]Pres Vargas'!P604 -> 117796.83 | M8: =[3]Sudeste!P808 -> 268520.96 | N8: =[3]Vap!P690 -> 225338.71 | O8: =SUM(B8:N8) -> 2697943.3
A9: 41426 | B9: =[3]Carris!P788 -> 612741.04 | C9: =[3]Navegantes!P439 -> 109840.06 | D9: =[3]Nortran!P928 -> 270267.08 | E9: =[3]Sopal!P752 -> 221411.1 | F9: ='[3]B Novo'!P722 -> 65874.82 | G9: =[3]Restinga!P1086 -> 164611.19 | H9: =[3]Trevo!P570 -> 367154.13 | I9: =[3]Vtc!P796 -> 163577.1 | J9: =[3]Estoril!P614 -> 39512.05 | K9: =[3]Gazômetro!P627 -> 23396.52 | L9: ='[3]Pres Vargas'!P622 -> 90101.44 | M9: =[3]Sudeste!P828 -> 242780.14 | N9: =[3]Vap!P710 -> 171590.11 | O9: =SUM(B9:N9) -> 2542856.8
A10: 41456 | B10: =[3]Carris!P816 -> 647399.65 | C10: =[3]Navegantes!P455 -> 145145.39 | D10: =[3]Nortran!P956 -> 229423.8 | E10: =[3]Sopal!P775 -> 244631.09 | F10: ='[3]B Novo'!P744 -> 59175.82 | G10: =[3]Restinga!P1120 -> 186970.67 | H10: =[3]Trevo!P586 -> 390837.14 | I10: =[3]Vtc!P819 -> 163577.1 | J10: =[3]Estoril!P630 -> 91351.24 | K10: =[3]Gazômetro!P643 -> 18444.63 | L10: ='[3]Pres Vargas'!P642 -> 90715 | M10: =[3]Sudeste!P850 -> 300022.86 | N10: =[3]Vap!P730 -> 232147.42 | O10: =SUM(B10:N10) -> 2799841.8
A11: 41487 | B11: =[3]Carris!P844 -> 1083348.5 | C11: =[3]Navegantes!P472 -> 135387.6 | D11: =[3]Nortran!P984 -> -234043.45 | E11: =[3]Sopal!P798 -> 216494.51 | F11: ='[3]B Novo'!P766 -> 48954.82 | G11: =[3]Restinga!P1154 -> 169063.76 | H11: =[3]Trevo!P604 -> 518499.47 | I11: =[3]Vtc!P842 -> 146953.05 | J11: =[3]Estoril!P646 -> 57391.08 | K11: =[3]Gazômetro!P661 -> 39670.94 | L11: ='[3]Pres Vargas'!P662 -> 99418.4 | M11: =[3]Sudeste!P875 -> 326275.9 | N11: =[3]Vap!P750 -> 251925.63 | O11: =SUM(B11:N11) -> 2859340.2
A12: 41518 | B12: =[3]Carris!P872 -> 797442.37 | C12: =[3]Navegantes!P484 -> 125300.97 | D12: =[3]Nortran!P1012 -> 318312.64 | E12: =[3]Sopal!P821 -> 206776.38 | F12: ='[3]B Novo'!P788 -> 42506.31 | G12: =[3]Restinga!P1188 -> 156595.56 | H12: =[3]Trevo!P622 -> 436328.51 | I12: =[3]Vtc!P867 -> 183140.51 | J12: =[3]Estoril!P662 -> 41661.52 | K12: =[3]Gazômetro!P679 -> 25385.64 | L12: ='[3]Pres Vargas'!P682 -> 84963.55 | M12: =[3]Sudeste!P900 -> 263154.1 | N12: =[3]Vap!P770 -> 191156.68 | O12: =SUM(B12:N12) -> 2872724.7
A13: 41548 | B13: =[3]Carris!P900 -> 878088.66 | C13: =[3]Navegantes!P349 -> 137665.59 | D13: =[3]Nortran!P760 -> 268311.14 | E13: =[3]Sopal!P614 -> 260581.56 | F13: ='[3]B Novo'!P590 -> 51509.54 | G13: =[3]Restinga!P884 -> 204348.24 | H13: =[3]Trevo!P474 -> 492425.51 | I13: =[3]Vtc!P654 -> 199564.83 | J13: =[3]Estoril!P510 -> 43395.13 | K13: =[3]Gazômetro!P531 -> 73881.63 | L13: ='[3]Pres Vargas'!P512 -> 99677.16 | M13: =[3]Sudeste!P699 -> 362079.91 | N13: =[3]Vap!P590 -> 227369.52 | O13: =SUM(B13:N13) -> 3298898.4
A14: 41579 | B14: =[3]Carris!P928 -> 645395.77 | C14: =[3]Navegantes!P365 -> 107896.85 | D14: =[3]Nortran!P788 -> 212406.98 | E14: =[3]Sopal!P637 -> 216115.01 | F14: ='[3]B Novo'!P612 -> 53989.04 | G14: =[3]Restinga!P920 -> 176289.89 | H14: =[3]Trevo!P490 -> 454418.68 | I14: =[3]Vtc!P679 -> 169457.22 | J14: =[3]Estoril!P526 -> 23910.26 | K14: =[3]Gazômetro!P547 -> 48559.13 | L14: ='[3]Pres Vargas'!P528 -> 103785.28 | M14: =[3]Sudeste!P720 -> 306128.14 | N14: =[3]Vap!P610 -> 185314.82 | O14: =SUM(B14:N14) -> 2703667.1
A15: 41609 | B15: =[3]Carris!P956 -> 1220946.7 | C15: =[3]Navegantes!P322 -> 109444.63 | D15: =[3]Nortran!P708 -> 273189.74 | E15: =[3]Sopal!P570 -> 166980.59 | F15: ='[3]B Novo'!P546 -> 119584.09 | G15: =[3]Restinga!P816 -> 207662.52 | H15: =[3]Trevo!P442 -> 428012.93 | I15: =[3]Vtc!P606 -> 189787.28 | J15: =[3]Estoril!P474 -> 28619.33 | K15: =[3]Gazômetro!P502 -> 2751.58 | L15: ='[3]Pres Vargas'!P476 -> 90832.16 | M15: =[3]Sudeste!P654 -> 282890.43 | N15: =[3]Vap!P552 -> 260587.46 | O15: =SUM(B15:N15) -> 3381289.4
A16: Média | B16: =AVERAGE(B4:B15) -> 742632.56 | C16: =AVERAGE(C4:C15) -> 107473.87 | D16: =AVERAGE(D4:D15) -> 229231.91 | E16: =AVERAGE(E4:E15) -> 232297.52 | F16: =AVERAGE(F4:F15) -> 70275.005 | G16: =AVERAGE(G4:G15) -> 179530.43 | H16: =AVERAGE(H4:H15) -> 414940.08 | I16: =AVERAGE(I4:I15) -> 169734.21 | ... N16: =AVERAGE(N4:N15) -> 210492.86 | O16: =SUM(B16:N16) -> 2828615.2
A17: Total | B17: =SUM(B4:B15) -> 8911590.7 | C17: =SUM(C4:C15) -> 1289686.4 | D17: =SUM(D4:D15) -> 2750783 | E17: =SUM(E4:E15) -> 2787570.2 | F17: =SUM(F4:F15) -> 843300.06 | G17: =SUM(G4:G15) -> 2154365.1 | H17: =SUM(H4:H15) -> 4979280.9 | I17: =SUM(I4:I15) -> 2036810.5 | ... O17: =SUM(O4:O15) -> 33943382
A19: Despesas 2 meses | B19: =B16*2 -> 1485265.1 | C19: =C16*2 -> 214947.74 | D19: =D16*2 -> 458463.83 | E19: =E16*2 -> 464595.03 | F19: =F16*2 -> 140550.01 | G19: =G16*2 -> 359060.86 | H19: =H16*2 -> 829880.15 | I19: =I16*2 -> 339468.42 | ... N19: =N16*2 -> 420985.73 | O19: =SUM(B19:N19) -> 5657230.3
A21: Fonte: Plano de contas SMT/EPTC 2013
A23: Contas consideradas:
A25: Peças e acessórios
A26: Material de pintura
A27: Ferramentas de pequeno valor
A28: Consertos e reformas de motores
A29: Materiais auxiliares
A30: Equipamentos de proteção individual
A32: Tomou-se por base a despesa de dois meses (com base na média mensal anual) com peças e acessórios como sendo o capital investido em almoxarifado, segundo estudo ANTP/NTU.

Sheet Aux.02.06 Invest_inicial
A1: PLANILHA AUX.2.6 - INVESTIMENTOS INICIAIS
A3: Investimento inicial em frota:
A5: Parâmetros utilizados:
A7: Coeficientes de depreciação acumulados por faixa-ano
A9: De (ano) | B9: até (ano) | C9: Coeficiente
A10: 0 | B10: 1 | C10: 0.15454545
A11: 1.0001 | B11: 2 | C11: 0.29363636
A12: 2.0001 | B12: 3 | C12: 0.41727273
A13: 3.0001 | B13: 4 | C13: 0.52545455
A14: 4.0001 | B14: 5 | C14: 0.61818182
A15: 5.0001 | B15: 6 | C15: 0.69545455
A16: 6.0001 | B16: 7 | C16: 0.75727273
A17: 7.0001 | B17: 8 | C17: 0.80363636
A18: 8.0001 | B18: 9 | C18: 0.83454545
A19: 9.0001 | B19: 10 | C19: 0.85
A20: 10.0001
A22: PMV (R$ /veíc.) | C22: ='04 Frota'!H57 -> 531991.64
A24: Idade média da frota (anos) | C24: ='04 Frota'!C74 -> 4.6732955
A26: Coeficiente acumulado de depreciação da frota | C26: =VLOOKUP(C24,$A$10:$C$20,3) -> 0.61818182
A28: Valor a deduzir do veículo novo (R$ / veíc.) | C28: =C22*C26 -> 328867.56
A30: Frota total (veíc.) | C30: ='04 Frota'!C73 -> 352
A32: Investimento total estimado em frota | C32: =C30*(C22-C28) -> 71499677
A34: Investimento em imobilizado:
A36: Imobilizado total no atual sistema, com base no Balanço contábil das empresas permissionárias em 2013 (R$) | C36: ='Aux.02.03 Ativo Imobilizado'!D22 -> 2.1262594e+08
A38: Frota do sistema em 2013 (veíc.) | C38: 1704
A40: Média de investimento em imobilizado por veículo (R$ / veíc.) | C40: =C36/C38 -> 124780.48
A42: Investimento total estimado no imobilizado (R$) | C42: =C40*C30 -> 43922730
A44: Valor estimado do investimento inicial (R$) | C44: =C32+C42 -> 1.1542241e+08

Sheet Aux.04.01 Frota atual
A1: PLANILHA AUX.4.1 - BASE AUXILIAR PLANO DE FROTA ANO 00
A3: CONSÓRCIO | B3: AR COND. | C3: MODELO VEÍCULO | D3: 2002 | E3: 2003 | F3: 2004 | G3: 2005 | H3: 2006 | I3: 2007 | J3: 2008 | K3: 2009 | L3: 2010 | M3: 2011 | N3: 2012 | O3: 2013 | P3: 2014 | Q3: 2015 | R3: Total
A4: CARRIS | B4: NÃO | C4: B340MA | J4: 15 | R4: =SUM(D4:Q4) -> 15
C5: O-500 MA | L5: 15 | R5: =SUM(D5:Q5) -> 15
C6: OF 1721 | H6: 53 | R6: =SUM(D6:Q6) -> 53
C7: OF 1721 Truck | H7: 8 | R7: =SUM(D7:Q7) -> 8
C8: VW 17230 | I8: 26 | J8: 4 | R8: =SUM(D8:Q8) -> 30
C9: VW 17260 Aut. | J9: 49 | R9: =SUM(D9:Q9) -> 49
B10: NÃO Total | D10: =SUM(D4:D9) -> 0 | E10: =SUM(E4:E9) -> 0 | F10: =SUM(F4:F9) -> 0 | G10: =SUM(G4:G9) -> 0 | H10: =SUM(H4:H9) -> 61 | I10: =SUM(I4:I9) -> 26 | J10: =SUM(J4:J9) -> 68 | K10: =SUM(K4:K9) -> 0 | ... R10: =SUM(R4:R9) -> 170
B11: SIM | C11: B340MA | N11: 11 | O11: 2 | Q11: 15 | R11: =SUM(D11:Q11) -> 28
C12: B7R Low-Entry | K12: 31 | L12: 40 | R12: =SUM(D12:Q12) -> 71
C13: MT 12.0 LE | J13: 12 | R13: =SUM(D13:Q13) -> 12
C14: O-500 U Low-Entry | L14: 37 | R14: =SUM(D14:Q14) -> 37
C15: O500M Aut. | N15: 17 | R15: =SUM(D15:Q15) -> 17
C16: OF 1721 | H16: 1 | R16: =SUM(D16:Q16) -> 1
C17: VW 17260 Aut. | F17: 12 | R17: =SUM(D17:Q17) -> 12
C18: VW 17260 Low-Entry | R18: =SUM(D18:Q18) -> 0
C19: B290R | Q19: 35 | R19: =SUM(D19:Q19) -> 35
B20: SIM Total | D20: =SUM(D11:D19) -> 0 | E20: =SUM(E11:E19) -> 0 | F20: =SUM(F11:F19) -> 12 | G20: =SUM(G11:G19) -> 0 | H20: =SUM(H11:H19) -> 1 | I20: =SUM(I11:I19) -> 0 | J20: =SUM(J11:J19) -> 12 | K20: =SUM(K11:K19) -> 31 | ... R20: =SUM(R11:R19) -> 213
A21: CARRIS Total | D21: =D10+D20 -> 0 | E21: =E10+E20 -> 0 | F21: =F10+F20 -> 12 | G21: =G10+G20 -> 0 | H21: =H10+H20 -> 62 | I21: =I10+I20 -> 26 | J21: =J10+J20 -> 80 | K21: =K10+K20 -> 31 | ... R21: =R10+R20 -> 383
A22: BACIA NORTE | B22: NÃO | C22: O-500 MA | N22: 3 | O22: 3 | R22: =SUM(D22:Q22) -> 6
C23: O500M | F23: 3 | G23: 7 | J23: 9 | K23: 40 | L23: 20 | M23: 23 | N23: 9 | O23: 1 | R23: =SUM(D23:Q23) -> 112
C24: OF 1721 | G24: 25 | H24: 54 | I24: 51 | J24: 24 | K24: 14 | L24: 26 | M24: 40 | N24: 18 | O24: 7 | R24: =SUM(D24:Q24) -> 259
C25: OH 1518 | I25: 19 | R25: =SUM(D25:Q25) -> 19
C26: OH 1622 | K26: 1 | R26: =SUM(D26:Q26) -> 1
B27: NÃO Total | D27: =SUM(D22:D26) -> 0 | E27: =SUM(E22:E26) -> 0 | F27: =SUM(F22:F26) -> 3 | G27: =SUM(G22:G26) -> 32 | H27: =SUM(H22:H26) -> 54 | I27: =SUM(I22:I26) -> 70 | J27: =SUM(J22:J26) -> 33 | K27: =SUM(K22:K26) -> 55 | ... R27: =SUM(R22:R26) -> 397
B28: SIM | C28: O-500 MA | N28: 1 | O28: 1 | R28: =SUM(D28:Q28) -> 2
C29: O500M | F29: 2 | I29: 1 | J29: 13 | L29: 6 | M29: 7 | N29: 3 | O29: 11 | R29: =SUM(D29:Q29) -> 43
B30: SIM Total | D30: =SUM(D28:D29) -> 0 | E30: =SUM(E28:E29) -> 0 | F30: =SUM(F28:F29) -> 2 | G30: =SUM(G28:G29) -> 0 | H30: =SUM(H28:H29) -> 0 | I30: =SUM(I28:I29) -> 1 | J30: =SUM(J28:J29) -> 13 | K30: =SUM(K28:K29) -> 0 | ... R30: =SUM(R28:R29) -> 45
A31: BACIA NORTE Total | D31: =D27+D30 -> 0 | E31: =E27+E30 -> 0 | F31: =F27+F30 -> 5 | G31: =G27+G30 -> 32 | H31: =H27+H30 -> 54 | I31: =I27+I30 -> 71 | J31: =J27+J30 -> 46 | K31: =K27+K30 -> 55 | ... R31: =R27+R30 -> 442
A32: BACIA SUL | B32: NÃO | C32: LO 915 | J32: 1 | R32: =SUM(D32:Q32) -> 1
C33: O-500 MA | L33: 15 | M33: 14 | N33: 2 | R33: =SUM(D33:Q33) -> 31
C34: O500M | D34: 2 | E34: 3 | F34: 4 | R34: =SUM(D34:Q34) -> 9
C35: O500M Aut. | N35: 15 | R35: =SUM(D35:Q35) -> 15
C36: OF 1721 | F36: 11 | G36: 6 | H36: 67 | I36: 32 | J36: 27 | K36: 52 | L36: 29 | M36: 55 | N36: 18 | R36: =SUM(D36:Q36) -> 297
C37: OF 1721 (A) | J37: 3 | R37: =SUM(D37:Q37) -> 3
C38: OF 1721 Truck | E38: 2 | G38: 15 | H38: 4 | R38: =SUM(D38:Q38) -> 21
C39: OH 1518 | I39: 7 | J39: 5 | R39: =SUM(D39:Q39) -> 12
C40: VW 17230 | I40: 2 | J40: 9 | R40: =SUM(D40:Q40) -> 11
C41: VW 17230 (A) | J41: 9 | R41: =SUM(D41:Q41) -> 9
B42: NÃO Total | D42: =SUM(D32:D41) -> 2 | E42: =SUM(E32:E41) -> 5 | F42: =SUM(F32:F41) -> 15 | G42: =SUM(G32:G41) -> 21 | H42: =SUM(H32:H41) -> 71 | I42: =SUM(I32:I41) -> 41 | J42: =SUM(J32:J41) -> 54 | K42: =SUM(K32:K41) -> 52 | ... R42: =SUM(R32:R41) -> 409
B43: SIM | C43: O-500 MA | L43: 2 | M43: 7 | R43: =SUM(D43:Q43) -> 9
C44: O-500 UA | M44: 1 | R44: =SUM(D44:Q44) -> 1
C45: O500M | F45: 13 | G45: 1 | M45: 5 | R45: =SUM(D45:Q45) -> 19
C46: OF 1721 | I46: 7 | J46: 6 | K46: 2 | L46: 23 | M46: 23 | R46: =SUM(D46:Q46) -> 61
B47: SIM Total | D47: =SUM(D43:D46) -> 0 | E47: =SUM(E43:E46) -> 0 | F47: =SUM(F43:F46) -> 13 | G47: =SUM(G43:G46) -> 1 | H47: =SUM(H43:H46) -> 0 | I47: =SUM(I43:I46) -> 7 | J47: =SUM(J43:J46) -> 6 | K47: =SUM(K43:K46) -> 2 | ... R47: =SUM(R43:R46) -> 90
A48: BACIA SUL Total | D48: =D42+D47 -> 2 | E48: =E42+E47 -> 5 | F48: =F42+F47 -> 28 | G48: =G42+G47 -> 22 | H48: =H42+H47 -> 71 | I48: =I42+I47 -> 48 | J48: =J42+J47 -> 60 | K48: =K42+K47 -> 54 | ... R48: =R42+R47 -> 499
A49: BACIA LESTE | B49: NÃO | C49: B340M | E49: 2 | R49: =SUM(D49:Q49) -> 2
C50: O-500 MA | L50: 1 | M50: 1 | N50: 6 | R50: =SUM(D50:Q50) -> 8
C51: O500M | D51: 8 | E51: 14 | J51: 14 | K51: 28 | L51: 22 | M51: 2 | R51: =SUM(D51:Q51) -> 88
C52: O500M Aut. | K52: 14 | L52: 10 | M52: 17 | N52: 16 | R52: =SUM(D52:Q52) -> 57
C53: O500U Aut. | E53: 5 | R53: =SUM(D53:Q53) -> 5
C54: OF 1721 | G54: 16 | H54: 37 | I54: 22 | J54: 20 | K54: 1 | L54: 7 | M54: 12 | N54: 13 | R54: =SUM(D54:Q54) -> 128
C55: OF 1721 Truck | G55: 2 | H55: 4 | I55: 1 | R55: =SUM(D55:Q55) -> 7
C56: OH 1518 | F56: 2 | H56: 5 | I56: 4 | R56: =SUM(D56:Q56) -> 11
C57: OH 1622 | J57: 1 | N57: 3 | R57: =SUM(D57:Q57) -> 4
C58: VW 17230 | M58: 5 | N58: 2 | O58: 5 | R58: =SUM(D58:Q58) -> 12
B59: NÃO Total | D59: =SUM(D49:D58) -> 8 | E59: =SUM(E49:E58) -> 21 | F59: =SUM(F49:F58) -> 2 | G59: =SUM(G49:G58) -> 18 | H59: =SUM(H49:H58) -> 46 | I59: =SUM(I49:I58) -> 27 | J59: =SUM(J49:J58) -> 35 | K59: =SUM(K49:K58) -> 43 | ... R59: =SUM(R49:R58) -> 322
B60: SIM | C60: O500M | H60: 2 | I60: 15 | J60: 5 | K60: 1 | L60: 2 | M60: 11 | R60: 36
C61: O500M Aut. | K61: 1 | L61: 4 | M61: 10 | N61: 1 | R61: 16
C62: O500U Aut. | E62: 10 | R62: 10
C63: SCANIA K 310 | P63: 1 | R63: 1
B64: SIM Total | D64: =SUM(D60:D63) -> 0 | E64: =SUM(E60:E63) -> 10 | F64: =SUM(F60:F63) -> 0 | G64: =SUM(G60:G63) -> 0 | H64: =SUM(H60:H63) -> 2 | I64: =SUM(I60:I63) -> 15 | J64: =SUM(J60:J63) -> 5 | K64: =SUM(K60:K63) -> 2 | ... R64: =SUM(R60:R63) -> 63
A65: BACIA LESTE Total | D65: =D59+D64 -> 8 | E65: =E59+E64 -> 31 | F65: =F59+F64 -> 2 | G65: =G59+G64 -> 18 | H65: =H59+H64 -> 48 | I65: =I59+I64 -> 42 | J65: =J59+J64 -> 40 | K65: =K59+K64 -> 45 | ... R65: =R59+R64 -> 385
A66: Total Geral | D66: =D21+D31+D48+D65 -> 10 | E66: =E21+E31+E48+E65 -> 36 | F66: =F21+F31+F48+F65 -> 47 | G66: =G21+G31+G48+G65 -> 72 | H66: =H21+H31+H48+H65 -> 235 | I66: =I21+I31+I48+I65 -> 187 | J66: =J21+J31+J48+J65 -> 226 | K66: =K21+K31+K48+K65 -> 185 | ... R66: =R21+R31+R48+R65 -> 1709

Sheet Aux.04.02 Frota necessária
A1: PLANILHA AUX.4.2 - BASE AUXILIAR PLANO DE FROTA ANO 00
A3: FROTA NECESSÁRIA PARA O INÍCIO DA OPERAÇÃO
A5: BACIA | C5: Pública | D5: Norte/Nordeste | F5: Sul | H5: Leste/Sudeste | J5: TOTAL
A6: TIPO DE VEÍCULO | B6: POSIÇÃO MOTOR | C6: CARRIS | D6: N1 | E6: N2 | F6: S1 | G6: S2 | H6: L1 | I6: L2
A7: MICRO | B7: DIANTEIRO | G7: 1 | J7: =SUM(C7:I7) -> 1
A8: LEVE | B8: TRASEIRO | C8: 3 | D8: 3 | E8: 11 | F8: 8 | G8: 4 | H8: 6 | I8: 2 | J8: =SUM(C8:I8) -> 37
A9: PESADO | B9: DIANTEIRO | C9: 65 | D9: 98 | E9: 147 | F9: 237 | G9: 138 | H9: 55 | I9: 77 | J9: =SUM(C9:I9) -> 817
A10: PESADO | B10: TRASEIRO | C10: 209 | D10: 94 | E10: 76 | F10: 35 | G10: 30 | H10: 131 | I10: 105 | J10: =SUM(C10:I10) -> 680
A11: ESPECIAL | B11: DIANTEIRO | F11: 2 | G11: 7 | J11: =SUM(C11:I11) -> 9
A12: ESPECIAL | B12: CENTRAL | C12: 60 | I12: 1 | J12: =SUM(C12:I12) -> 61
A13: ESPECIAL | B13: TRASEIRO | C13: 15 | D13: 14 | E13: 2 | F13: 10 | G13: 51 | I13: 12 | J13: =SUM(C13:I13) -> 104
A14: TOTAL | C14: =SUM(C7:C13) -> 352 | D14: =SUM(D7:D13) -> 209 | E14: =SUM(E7:E13) -> 236 | F14: =SUM(F7:F13) -> 292 | G14: =SUM(G7:G13) -> 231 | H14: =SUM(H7:H13) -> 192 | I14: =SUM(I7:I13) -> 197 | J14: =SUM(C14:I14) -> 1709

Sheet Aux.04.03 Frota início oper
A1: PLANILHA AUX.4.3 - BASE AUXILIAR PLANO DE FROTA ANO 00
A3: CONSÓRCIO | B3: AR | C3: MODELO | D3: 2002 | E3: 2003 | F3: 2004 | G3: 2005 | H3: 2006 | I3: 2007 | J3: 2008 | K3: 2009 | L3: 2010 | M3: 2011 | N3: 2012 | O3: 2013 | P3: 2014 | Q3: 2015 | R3: Total
A4: CARRIS | B4: NÃO | C4: B340MA | J4: 15 | Q4: =IF('[4]02 Coeficientes'!$B$79="SIM",'[4]Aux.4.21 Frota atual rev'!W4,'[4]Aux.4.21 Frota atual rev'!U4) -> 0 | R4: =SUM(D4:Q4) -> 15
C5: O-500 MA | L5: 15 | Q5: =IF('[4]02 Coeficientes'!$B$79="SIM",'[4]Aux.4.21 Frota atual rev'!W5,'[4]Aux.4.21 Frota atual rev'!U5) -> 0 | R5: =SUM(D5:Q5) -> 15
C6: OF 1721 | H6: 35 | Q6: =IF('[4]02 Coeficientes'!$B$79="SIM",'[4]Aux.4.21 Frota atual rev'!W6,'[4]Aux.4.21 Frota atual rev'!U6) -> 0 | R6: =SUM(D6:Q6) -> 35
C7: OF 1721 Truck | Q7: =IF('[4]02 Coeficientes'!$B$79="SIM",'[4]Aux.4.21 Frota atual rev'!W7,'[4]Aux.4.21 Frota atual rev'!U7) -> 0 | R7: =SUM(D7:Q7) -> 0
C8: VW 17230 | I8: 26 | J8: 4 | Q8: =IF('[4]02 Coeficientes'!$B$79="SIM",'[4]Aux.4.21 Frota atual rev'!W8,'[4]Aux.4.21 Frota atual rev'!U8) -> 0 | R8: =SUM(D8:Q8) -> 30
C9: VW 17260 Aut. | J9: 49 | Q9: =IF('[4]02 Coeficientes'!$B$79="SIM",'[4]Aux.4.21 Frota atual rev'!W9,'[4]Aux.4.21 Frota atual rev'!U9) -> 0 | R9: =SUM(D9:Q9) -> 49
B10: NÃO Total | D10: =SUM(D4:D9) -> 0 | E10: =SUM(E4:E9) -> 0 | F10: =SUM(F4:F9) -> 0 | G10: =SUM(G4:G9) -> 0 | H10: =SUM(H4:H9) -> 35 | I10: =SUM(I4:I9) -> 26 | J10: =SUM(J4:J9) -> 68 | K10: =SUM(K4:K9) -> 0 | ... R10: =SUM(R4:R9) -> 144
B11: SIM | C11: B340MA | N11: 11 | O11: 2 | Q11: =IF('[4]02 Coeficientes'!$B$79="SIM",'[4]Aux.4.21 Frota atual rev'!W11,'[4]Aux.4.21 Frota atual rev'!U11) -> 32 | R11: =SUM(D11:Q11) -> 45
C12: B7R Low-Entry | K12: 31 | L12: 40 | Q12: =IF('[4]02 Coeficientes'!$B$79="SIM",'[4]Aux.4.21 Frota atual rev'!W12,'[4]Aux.4.21 Frota atual rev'!U12) -> 0 | R12: =SUM(D12:Q12) -> 71
C13: MT 12.0 LE | J13: 3 | Q13: =IF('[4]02 Coeficientes'!$B$79="SIM",'[4]Aux.4.21 Frota atual rev'!W13,'[4]Aux.4.21 Frota atual rev'!U13) -> 0 | R13: =SUM(D13:Q13) -> 3
C14: O-500 U Low-Entry | L14: 37 | Q14: =IF('[4]02 Coeficientes'!$B$79="SIM",'[4]Aux.4.21 Frota atual rev'!W14,'[4]Aux.4.21 Frota atual rev'!U14) -> 0 | R14: =SUM(D14:Q14) -> 37
C15: O500M Aut. | N15: 17 | Q15: =IF('[4]02 Coeficientes'!$B$79="SIM",'[4]Aux.4.21 Frota atual rev'!W15,'[4]Aux.4.21 Frota atual rev'!U15) -> 0 | R15: =SUM(D15:Q15) -> 17
C16: OF 1721 | Q16: =IF('[4]02 Coeficientes'!$B$79="SIM",'[4]Aux.4.21 Frota atual rev'!W16,'[4]Aux.4.21 Frota atual rev'!U16) -> 0 | R16: =SUM(D16:Q16) -> 0
C17: VW 17260 Aut. | Q17: =IF('[4]02 Coeficientes'!$B$79="SIM",'[4]Aux.4.21 Frota atual rev'!W17,'[4]Aux.4.21 Frota atual rev'!U17) -> 0 | R17: =SUM(D17:Q17) -> 0
C18: VW 17260 Low-Entry | Q18: =IF('[4]02 Coeficientes'!$B$79="SIM",'[4]Aux.4.21 Frota atual rev'!W18,'[4]Aux.4.21 Frota atual rev'!U18) -> 0 | R18: =SUM(D18:Q18) -> 0
C19: B290R | Q19: =IF('[4]02 Coeficientes'!$B$79="SIM",'[4]Aux.4.21 Frota atual rev'!W19,'[4]Aux.4.21 Frota atual rev'!U19) -> 35 | R19: =SUM(D19:Q19) -> 35
B20: SIM Total | C20: =R20/R21 -> 0.59090909 | D20: =SUM(D11:D19) -> 0 | E20: =SUM(E11:E19) -> 0 | F20: =SUM(F11:F19) -> 0 | G20: =SUM(G11:G19) -> 0 | H20: =SUM(H11:H19) -> 0 | I20: =SUM(I11:I19) -> 0 | J20: =SUM(J11:J19) -> 3 | K20: =SUM(K11:K19) -> 31 | ... R20: =SUM(R11:R19) -> 208
A21: CARRIS Total | D21: =D10+D20 -> 0 | E21: =E10+E20 -> 0 | F21: =F10+F20 -> 0 | G21: =G10+G20 -> 0 | H21: =H10+H20 -> 35 | I21: =I10+I20 -> 26 | J21: =J10+J20 -> 71 | K21: =K10+K20 -> 31 | ... R21: =R10+R20 -> 352
A22: N1 | B22: NÃO | C22: O-500 MA | N22: 3 | O22: 3 | Q22: =IF('[4]02 Coeficientes'!$B$79="SIM",'[4]Aux.4.21 Frota atual rev'!W22,'[4]Aux.4.21 Frota atual rev'!U22) -> 0 | R22: =SUM(D22:Q22) -> 6
C23: O500M | J23: 5 | K23: 25 | L23: 10 | M23: 13 | N23: 5 | Q23: =IF('[4]02 Coeficientes'!$B$79="SIM",'[4]Aux.4.21 Frota atual rev'!W23,'[4]Aux.4.21 Frota atual rev'!U23) -> 0 | R23: =SUM(D23:Q23) -> 58
C24: OF 1721 | H24: 13 | I24: 20 | J24: 10 | K24: 6 | L24: 11 | M24: 16 | N24: 7 | O24: 3 | Q24: =IF('[4]02 Coeficientes'!$B$79="SIM",'[4]Aux.4.21 Frota atual rev'!W24,'[4]Aux.4.21 Frota atual rev'!U24) -> 0 | R24: =SUM(D24:Q24) -> 86
C25: OH 1518 | I25: 3 | Q25: =IF('[4]02 Coeficientes'!$B$79="SIM",'[4]Aux.4.21 Frota atual rev'!W25,'[4]Aux.4.21 Frota atual rev'!U25) -> 0 | R25: =SUM(D25:Q25) -> 3
C26: OH 1622 | Q26: =IF('[4]02 Coeficientes'!$B$79="SIM",'[4]Aux.4.21 Frota atual rev'!W26,'[4]Aux.4.21 Frota atual rev'!U26) -> 0 | R26: =SUM(D26:Q26) -> 0
B27: NÃO Total | D27: =SUM(D22:D26) -> 0 | E27: =SUM(E22:E26) -> 0 | F27: =SUM(F22:F26) -> 0 | G27: =SUM(G22:G26) -> 0 | H27: =SUM(H22:H26) -> 13 | I27: =SUM(I22:I26) -> 23 | J27: =SUM(J22:J26) -> 15 | K27: =SUM(K22:K26) -> 31 | ... R27: =SUM(R22:R26) -> 153
B28: SIM | C28: O-500 MA | O28: 1 | Q28: =IF('[4]02 Coeficientes'!$B$79="SIM",'[4]Aux.4.21 Frota atual rev'!W28,'[4]Aux.4.21 Frota atual rev'!U28) -> 7 | R28: =SUM(D28:Q28) -> 8
C29: OF 1721 | Q29: =IF('[4]02 Coeficientes'!$B$79="SIM",'[4]Aux.4.21 Frota atual rev'!W29,'[4]Aux.4.21 Frota atual rev'!U29) -> 12 | R29: =SUM(D29:Q29) -> 12
C30: O500M | I30: 1 | J30: 7 | L30: 3 | M30: 4 | N30: 2 | O30: 6 | Q30: =IF('[4]02 Coeficientes'!$B$79="SIM",'[4]Aux.4.21 Frota atual rev'!W30,'[4]Aux.4.21 Frota atual rev'!U30) -> 13 | R30: =SUM(D30:Q30) -> 36
B31: SIM Total | C31: =R31/R32 -> 0.26794258 | D31: =SUM(D28:D30) -> 0 | E31: =SUM(E28:E30) -> 0 | F31: =SUM(F28:F30) -> 0 | G31: =SUM(G28:G30) -> 0 | H31: =SUM(H28:H30) -> 0 | I31: =SUM(I28:I30) -> 1 | J31: =SUM(J28:J30) -> 7 | K31: =SUM(K28:K30) -> 0 | ... R31: =SUM(R28:R30) -> 56
A32: N1 Total | D32: =D27+D31 -> 0 | E32: =E27+E31 -> 0 | F32: =F27+F31 -> 0 | G32: =G27+G31 -> 0 | H32: =H27+H31 -> 13 | I32: =I27+I31 -> 24 | J32: =J27+J31 -> 22 | K32: =K27+K31 -> 31 | ... R32: =R27+R31 -> 209
A33: N2 | B33: NÃO | C33: O-500 MA | Q33: =IF('[4]02 Coeficientes'!$B$79="SIM",'[4]Aux.4.21 Frota atual rev'!W33,'[4]Aux.4.21 Frota atual rev'!U33) -> 0 | R33: =SUM(D33:Q33) -> 0
C34: O500M | J34: 4 | K34: 15 | L34: 10 | M34: 10 | N34: 4 | O34: 1 | Q34: =IF('[4]02 Coeficientes'!$B$79="SIM",'[4]Aux.4.21 Frota atual rev'!W34,'[4]Aux.4.21 Frota atual rev'!U34) -> 0 | R34: =SUM(D34:Q34) -> 44
C35: OF 1721 | H35: 12 | I35: 31 | J35: 14 | K35: 8 | L35: 15 | M35: 24 | N35: 11 | O35: 4 | Q35: =IF('[4]02 Coeficientes'!$B$79="SIM",'[4]Aux.4.21 Frota atual rev'!W35,'[4]Aux.4.21 Frota atual rev'!U35) -> 0 | R35: =SUM(D35:Q35) -> 119
C36: OH 1518 | I36: 11 | Q36: =IF('[4]02 Coeficientes'!$B$79="SIM",'[4]Aux.4.21 Frota atual rev'!W36,'[4]Aux.4.21 Frota atual rev'!U36) -> 0 | R36: =SUM(D36:Q36) -> 11
C37: OH 1622 | K37: 1 | Q37: =IF('[4]02 Coeficientes'!$B$79="SIM",'[4]Aux.4.21 Frota atual rev'!W37,'[4]Aux.4.21 Frota atual rev'!U37) -> 0 | R37: =SUM(D37:Q37) -> 1
B38: NÃO Total | D38: =SUM(D33:D37) -> 0 | E38: =SUM(E33:E37) -> 0 | F38: =SUM(F33:F37) -> 0 | G38: =SUM(G33:G37) -> 0 | H38: =SUM(H33:H37) -> 12 | I38: =SUM(I33:I37) -> 42 | J38: =SUM(J33:J37) -> 18 | K38: =SUM(K33:K37) -> 24 | ... R38: =SUM(R33:R37) -> 175
B39: SIM | C39: O-500 MA | N39: 1 | Q39: =IF('[4]02 Coeficientes'!$B$79="SIM",'[4]Aux.4.21 Frota atual rev'!W39,'[4]Aux.4.21 Frota atual rev'!U39) -> 1 | R39: =SUM(D39:Q39) -> 2
C40: OF 1721 | Q40: =IF('[4]02 Coeficientes'!$B$79="SIM",'[4]Aux.4.21 Frota atual rev'!W40,'[4]Aux.4.21 Frota atual rev'!U40) -> 28 | R40: =SUM(D40:Q40) -> 28
C41: O500M | J41: 6 | L41: 3 | M41: 3 | N41: 1 | O41: 5 | Q41: =IF('[4]02 Coeficientes'!$B$79="SIM",'[4]Aux.4.21 Frota atual rev'!W41,'[4]Aux.4.21 Frota atual rev'!U41) -> 13 | R41: =SUM(D41:Q41) -> 31
B42: SIM Total | C42: =R42/R43 -> 0.25847458 | D42: =SUM(D39:D41) -> 0 | E42: =SUM(E39:E41) -> 0 | F42: =SUM(F39:F41) -> 0 | G42: =SUM(G39:G41) -> 0 | H42: =SUM(H39:H41) -> 0 | I42: =SUM(I39:I41) -> 0 | J42: =SUM(J39:J41) -> 6 | K42: =SUM(K39:K41) -> 0 | ... R42: =SUM(R39:R41) -> 61
A43: N2 Total | D43: =D38+D42 -> 0 | E43: =E38+E42 -> 0 | F43: =F38+F42 -> 0 | G43: =G38+G42 -> 0 | H43: =H38+H42 -> 12 | I43: =I38+I42 -> 42 | J43: =J38+J42 -> 24 | K43: =K38+K42 -> 24 | ... R43: =R38+R42 -> 236
A44: S1 | B44: NÃO | C44: LO 915 | Q44: =IF('[4]02 Coeficientes'!$B$79="SIM",'[4]Aux.4.21 Frota atual rev'!W44,'[4]Aux.4.21 Frota atual rev'!U44) -> 0 | R44: =SUM(D44:Q44) -> 0
C45: O-500 MA | L45: 5 | Q45: =IF('[4]02 Coeficientes'!$B$79="SIM",'[4]Aux.4.21 Frota atual rev'!W45,'[4]Aux.4.21 Frota atual rev'!U45) -> 0 | R45: =SUM(D45:Q45) -> 5
C46: O500M | Q46: =IF('[4]02 Coeficientes'!$B$79="SIM",'[4]Aux.4.21 Frota atual rev'!W46,'[4]Aux.4.21 Frota atual rev'!U46) -> 18 | R46: =SUM(D46:Q46) -> 18
C47: O500M Aut. | N47: 8 | Q47: =IF('[4]02 Coeficientes'!$B$79="SIM",'[4]Aux.4.21 Frota atual rev'!W47,'[4]Aux.4.21 Frota atual rev'!U47) -> 0 | R47: =SUM(D47:Q47) -> 8
C48: OF 1721 | H48: 38 | I48: 19 | J48: =15+2 -> 17 | K48: =28+4 -> 32 | L48: =16+2 -> 18 | M48: =30+4 -> 34 | N48: 12 | Q48: =IF('[4]02 Coeficientes'!$B$79="SIM",'[4]Aux.4.21 Frota atual rev'!W48,'[4]Aux.4.21 Frota atual rev'!U48) -> 0 | R48: =SUM(D48:Q48) -> 170
C49: OF 1721 (A) | J49: 2 | Q49: =IF('[4]02 Coeficientes'!$B$79="SIM",'[4]Aux.4.21 Frota atual rev'!W49,'[4]Aux.4.21 Frota atual rev'!U49) -> 0 | R49: =SUM(D49:Q49) -> 2
C50: OF 1721 Truck | Q50: =IF('[4]02 Coeficientes'!$B$79="SIM",'[4]Aux.4.21 Frota atual rev'!W50,'[4]Aux.4.21 Frota atual rev'!U50) -> 0 | R50: =SUM(D50:Q50) -> 0
C51: OH 1518 | I51: 7 | J51: 1 | Q51: =IF('[4]02 Coeficientes'!$B$79="SIM",'[4]Aux.4.21 Frota atual rev'!W51,'[4]Aux.4.21 Frota atual rev'!U51) -> 0 | R51: =SUM(D51:Q51) -> 8
C52: VW 17230 | I52: 1 | J52: 5 | Q52: =IF('[4]02 Coeficientes'!$B$79="SIM",'[4]Aux.4.21 Frota atual rev'!W52,'[4]Aux.4.21 Frota atual rev'!U52) -> 0 | R52: =SUM(D52:Q52) -> 6
C53: VW 17230 (A) | Q53: =IF('[4]02 Coeficientes'!$B$79="SIM",'[4]Aux.4.21 Frota atual rev'!W53,'[4]Aux.4.21 Frota atual rev'!U53) -> 0 | R53: =SUM(D53:Q53) -> 0
B54: NÃO Total | D54: =SUM(D44:D53) -> 0 | E54: =SUM(E44:E53) -> 0 | F54: =SUM(F44:F53) -> 0 | G54: =SUM(G44:G53) -> 0 | H54: =SUM(H44:H53) -> 38 | I54: =SUM(I44:I53) -> 27 | J54: =SUM(J44:J53) -> 25 | K54: =SUM(K44:K53) -> 32 | ... R54: =SUM(R44:R53) -> 217
B55: SIM | C55: O-500 MA | L55: 2 | Q55: =IF('[4]02 Coeficientes'!$B$79="SIM",'[4]Aux.4.21 Frota atual rev'!W55,'[4]Aux.4.21 Frota atual rev'!U55) -> 3 | R55: =SUM(D55:Q55) -> 5
C56: O-500 UA | Q56: =IF('[4]02 Coeficientes'!$B$79="SIM",'[4]Aux.4.21 Frota atual rev'!W56,'[4]Aux.4.21 Frota atual rev'!U56) -> 0 | R56: =SUM(D56:Q56) -> 0
C57: O500M | M57: 3 | Q57: =IF('[4]02 Coeficientes'!$B$79="SIM",'[4]Aux.4.21 Frota atual rev'!W57,'[4]Aux.4.21 Frota atual rev'!U57) -> 6 | R57: =SUM(D57:Q57) -> 9
C58: OF 1721 | I58: 4 | J58: 3 | K58: 1 | L58: 15 | M58: 15 | Q58: =IF('[4]02 Coeficientes'!$B$79="SIM",'[4]Aux.4.21 Frota atual rev'!W58,'[4]Aux.4.21 Frota atual rev'!U58) -> 23 | R58: =SUM(D58:Q58) -> 61
B59: SIM Total | C59: =R59/R60 -> 0.25684932 | D59: =SUM(D55:D58) -> 0 | E59: =SUM(E55:E58) -> 0 | F59: =SUM(F55:F58) -> 0 | G59: =SUM(G55:G58) -> 0 | H59: =SUM(H55:H58) -> 0 | I59: =SUM(I55:I58) -> 4 | J59: =SUM(J55:J58) -> 3 | K59: =SUM(K55:K58) -> 1 | ... R59: =SUM(R55:R58) -> 75
A60: S1 Total | D60: =D54+D59 -> 0 | E60: =E54+E59 -> 0 | F60: =F54+F59 -> 0 | G60: =G54+G59 -> 0 | H60: =H54+H59 -> 38 | I60: =I54+I59 -> 31 | J60: =J54+J59 -> 28 | K60: =K54+K59 -> 33 | ... R60: =R54+R59 -> 292
A61: S2 | B61: NÃO | C61: LO 915 | J61: 1 | Q61: =IF('[4]02 Coeficientes'!$B$79="SIM",'[4]Aux.4.21 Frota atual rev'!W61,'[4]Aux.4.21 Frota atual rev'!U61) -> 0 | R61: =SUM(D61:Q61) -> 1
C62: O-500 MA | L62: 10 | M62: 14 | N62: 2 | Q62: =IF('[4]02 Coeficientes'!$B$79="SIM",'[4]Aux.4.21 Frota atual rev'!W62,'[4]Aux.4.21 Frota atual rev'!U62) -> 0 | R62: =SUM(D62:Q62) -> 26
C63: O500M | Q63: =IF('[4]02 Coeficientes'!$B$79="SIM",'[4]Aux.4.21 Frota atual rev'!W63,'[4]Aux.4.21 Frota atual rev'!U63) -> 9 | R63: =SUM(D63:Q63) -> 9
C64: O500M Aut. | N64: 7 | Q64: =IF('[4]02 Coeficientes'!$B$79="SIM",'[4]Aux.4.21 Frota atual rev'!W64,'[4]Aux.4.21 Frota atual rev'!U64) -> 0 | R64: =SUM(D64:Q64) -> 7
C65: OF 1721 | H65: 26 | I65: 13 | J65: 10 | K65: 20 | L65: 11 | M65: 21 | N65: 6 | Q65: =IF('[4]02 Coeficientes'!$B$79="SIM",'[4]Aux.4.21 Frota atual rev'!W65,'[4]Aux.4.21 Frota atual rev'!U65) -> 3 | R65: =SUM(D65:Q65) -> 110
C66: OF 1721 (A) | Q66: =IF('[4]02 Coeficientes'!$B$79="SIM",'[4]Aux.4.21 Frota atual rev'!W66,'[4]Aux.4.21 Frota atual rev'!U66) -> 0 | R66: =SUM(D66:Q66) -> 0
C67: OF 1721 Truck | Q67: =IF('[4]02 Coeficientes'!$B$79="SIM",'[4]Aux.4.21 Frota atual rev'!W67,'[4]Aux.4.21 Frota atual rev'!U67) -> 0 | R67: =SUM(D67:Q67) -> 0
C68: OH 1518 | J68: 4 | Q68: =IF('[4]02 Coeficientes'!$B$79="SIM",'[4]Aux.4.21 Frota atual rev'!W68,'[4]Aux.4.21 Frota atual rev'!U68) -> 0 | R68: =SUM(D68:Q68) -> 4
C69: VW 17230 | I69: 1 | J69: 4 | Q69: =IF('[4]02 Coeficientes'!$B$79="SIM",'[4]Aux.4.21 Frota atual rev'!W69,'[4]Aux.4.21 Frota atual rev'!U69) -> 0 | R69: =SUM(D69:Q69) -> 5
C70: VW 17230 (A) | J70: 7 | Q70: =IF('[4]02 Coeficientes'!$B$79="SIM",'[4]Aux.4.21 Frota atual rev'!W70,'[4]Aux.4.21 Frota atual rev'!U70) -> 0 | R70: =SUM(D70:Q70) -> 7
B71: NÃO Total | D71: =SUM(D61:D70) -> 0 | E71: =SUM(E61:E70) -> 0 | F71: =SUM(F61:F70) -> 0 | G71: =SUM(G61:G70) -> 0 | H71: =SUM(H61:H70) -> 26 | I71: =SUM(I61:I70) -> 14 | J71: =SUM(J61:J70) -> 26 | K71: =SUM(K61:K70) -> 20 | ... R71: =SUM(R61:R70) -> 169
B72: SIM | C72: O-500 MA | M72: 7 | Q72: =IF('[4]02 Coeficientes'!$B$79="SIM",'[4]Aux.4.21 Frota atual rev'!W72,'[4]Aux.4.21 Frota atual rev'!U72) -> 18 | R72: =SUM(D72:Q72) -> 25
C73: O-500 UA | M73: 1 | Q73: =IF('[4]02 Coeficientes'!$B$79="SIM",'[4]Aux.4.21 Frota atual rev'!W73,'[4]Aux.4.21 Frota atual rev'!U73) -> 0 | R73: =SUM(D73:Q73) -> 1
C74: O500M | M74: 2 | Q74: =IF('[4]02 Coeficientes'!$B$79="SIM",'[4]Aux.4.21 Frota atual rev'!W74,'[4]Aux.4.21 Frota atual rev'!U74) -> 11 | R74: =SUM(D74:Q74) -> 13
C75: OF 1721 | I75: 3 | J75: 3 | K75: 1 | L75: 8 | M75: 8 | Q75: =IF('[4]02 Coeficientes'!$B$79="SIM",'[4]Aux.4.21 Frota atual rev'!W75,'[4]Aux.4.21 Frota atual rev'!U75) -> 0 | R75: =SUM(D75:Q75) -> 23
B76: SIM Total | C76: =R76/R77 -> 0.26839827 | D76: =SUM(D72:D75) -> 0 | E76: =SUM(E72:E75) -> 0 | F76: =SUM(F72:F75) -> 0 | G76: =SUM(G72:G75) -> 0 | H76: =SUM(H72:H75) -> 0 | I76: =SUM(I72:I75) -> 3 | J76: =SUM(J72:J75) -> 3 | K76: =SUM(K72:K75) -> 1 | ... R76: =SUM(R72:R75) -> 62
A77: S2 Total | D77: =D71+D76 -> 0 | E77: =E71+E76 -> 0 | F77: =F71+F76 -> 0 | G77: =G71+G76 -> 0 | H77: =H71+H76 -> 26 | I77: =I71+I76 -> 17 | J77: =J71+J76 -> 29 | K77: =K71+K76 -> 21 | ... R77: =R71+R76 -> 231
A78: L1 | B78: NÃO | C78: B340M | Q78: =IF('[4]02 Coeficientes'!$B$79="SIM",'[4]Aux.4.21 Frota atual rev'!W78,'[4]Aux.4.21 Frota atual rev'!U78) -> 0 | R78: =SUM(D78:Q78) -> 0
C79: O-500 MA | Q79: =IF('[4]02 Coeficientes'!$B$79="SIM",'[4]Aux.4.21 Frota atual rev'!W79,'[4]Aux.4.21 Frota atual rev'!U79) -> 0 | R79: =SUM(D79:Q79) -> 0
C80: O500M | J80: 8 | K80: 15 | L80: 12 | M80: 1 | Q80: =IF('[4]02 Coeficientes'!$B$79="SIM",'[4]Aux.4.21 Frota atual rev'!W80,'[4]Aux.4.21 Frota atual rev'!U80) -> 11 | R80: =SUM(D80:Q80) -> 47
C81: O500M Aut. | K81: 8 | L81: 6 | M81: 9 | N81: 9 | Q81: =IF('[4]02 Coeficientes'!$B$79="SIM",'[4]Aux.4.21 Frota atual rev'!W81,'[4]Aux.4.21 Frota atual rev'!U81) -> 0 | R81: =SUM(D81:Q81) -> 32
C82: O500U Aut. | Q82: =IF('[4]02 Coeficientes'!$B$79="SIM",'[4]Aux.4.21 Frota atual rev'!W82,'[4]Aux.4.21 Frota atual rev'!U82) -> 0 | R82: =SUM(D82:Q82) -> 0
C83: OF 1721 | H83: 15 | I83: 8 | J83: 8 | K83: 1 | L83: 3 | M83: 4 | N83: 5 | Q83: =IF('[4]02 Coeficientes'!$B$79="SIM",'[4]Aux.4.21 Frota atual rev'!W83,'[4]Aux.4.21 Frota atual rev'!U83) -> 7 | R83: =SUM(D83:Q83) -> 51
C84: OF 1721 Truck | Q84: =IF('[4]02 Coeficientes'!$B$79="SIM",'[4]Aux.4.21 Frota atual rev'!W84,'[4]Aux.4.21 Frota atual rev'!U84) -> 0 | R84: =SUM(D84:Q84) -> 0
C85: OH 1518 | I85: 2 | Q85: =IF('[4]02 Coeficientes'!$B$79="SIM",'[4]Aux.4.21 Frota atual rev'!W85,'[4]Aux.4.21 Frota atual rev'!U85) -> 4 | R85: =SUM(D85:Q85) -> 6
C86: OH 1622 | N86: 2 | Q86: =IF('[4]02 Coeficientes'!$B$79="SIM",'[4]Aux.4.21 Frota atual rev'!W86,'[4]Aux.4.21 Frota atual rev'!U86) -> 0 | R86: =SUM(D86:Q86) -> 2
C87: VW 17230 | M87: 2 | O87: 2 | Q87: =IF('[4]02 Coeficientes'!$B$79="SIM",'[4]Aux.4.21 Frota atual rev'!W87,'[4]Aux.4.21 Frota atual rev'!U87) -> 0 | R87: =SUM(D87:Q87) -> 4
B88: NÃO Total | D88: =SUM(D78:D87) -> 0 | E88: =SUM(E78:E87) -> 0 | F88: =SUM(F78:F87) -> 0 | G88: =SUM(G78:G87) -> 0 | H88: =SUM(H78:H87) -> 15 | I88: =SUM(I78:I87) -> 10 | J88: =SUM(J78:J87) -> 16 | K88: =SUM(K78:K87) -> 24 | ... R88: =SUM(R78:R87) -> 142
B89: SIM | C89: O500M | I89: 8 | J89: 3 | K89: 1 | L89: 1 | M89: 6 | Q89: =IF('[4]02 Coeficientes'!$B$79="SIM",'[4]Aux.4.21 Frota atual rev'!W89,'[4]Aux.4.21 Frota atual rev'!U89) -> 22 | R89: =SUM(D89:Q89) -> 41
C90: O500M Aut. | K90: 1 | L90: 2 | M90: 6 | Q90: =IF('[4]02 Coeficientes'!$B$79="SIM",'[4]Aux.4.21 Frota atual rev'!W90,'[4]Aux.4.21 Frota atual rev'!U90) -> 0 | R90: =SUM(D90:Q90) -> 9
C91: O500U Aut. | Q91: =IF('[4]02 Coeficientes'!$B$79="SIM",'[4]Aux.4.21 Frota atual rev'!W91,'[4]Aux.4.21 Frota atual rev'!U91) -> 0 | R91: =SUM(D91:Q91) -> 0
C92: OF 1721 | Q92: =IF('[4]02 Coeficientes'!$B$79="SIM",'[4]Aux.4.21 Frota atual rev'!W92,'[4]Aux.4.21 Frota atual rev'!U92) -> 0 | R92: =SUM(D92:Q92) -> 0
C93: SCANIA K 310 | Q93: =IF('[4]02 Coeficientes'!$B$79="SIM",'[4]Aux.4.21 Frota atual rev'!W93,'[4]Aux.4.21 Frota atual rev'!U93) -> 0 | R93: =SUM(D93:Q93) -> 0
B94: SIM Total | C94: =R94/R95 -> 0.26041667 | D94: =SUM(D89:D93) -> 0 | E94: =SUM(E89:E93) -> 0 | F94: =SUM(F89:F93) -> 0 | G94: =SUM(G89:G93) -> 0 | H94: =SUM(H89:H93) -> 0 | I94: =SUM(I89:I93) -> 8 | J94: =SUM(J89:J93) -> 3 | K94: =SUM(K89:K93) -> 2 | ... R94: =SUM(R89:R93) -> 50
A95: L1 Total | D95: =D88+D94 -> 0 | E95: =E88+E94 -> 0 | F95: =F88+F94 -> 0 | G95: =G88+G94 -> 0 | H95: =H88+H94 -> 15 | I95: =I88+I94 -> 18 | J95: =J88+J94 -> 19 | K95: =K88+K94 -> 26 | ... R95: =R88+R94 -> 192
A96: L2 | B96: NÃO | C96: B340M | Q96: =IF('[4]02 Coeficientes'!$B$79="SIM",'[4]Aux.4.21 Frota atual rev'!W96,'[4]Aux.4.21 Frota atual rev'!U96) -> 0 | R96: =SUM(D96:Q96) -> 0
C97: O-500 MA | L97: 1 | M97: 1 | N97: 6 | Q97: =IF('[4]02 Coeficientes'!$B$79="SIM",'[4]Aux.4.21 Frota atual rev'!W97,'[4]Aux.4.21 Frota atual rev'!U97) -> 0 | R97: =SUM(D97:Q97) -> 8
C98: O500M | J98: 6 | K98: 13 | L98: 10 | M98: 1 | Q98: =IF('[4]02 Coeficientes'!$B$79="SIM",'[4]Aux.4.21 Frota atual rev'!W98,'[4]Aux.4.21 Frota atual rev'!U98) -> 0 | R98: =SUM(D98:Q98) -> 30
C99: O500M Aut. | K99: 6 | L99: 4 | M99: 8 | N99: 7 | Q99: =IF('[4]02 Coeficientes'!$B$79="SIM",'[4]Aux.4.21 Frota atual rev'!W99,'[4]Aux.4.21 Frota atual rev'!U99) -> 0 | R99: =SUM(D99:Q99) -> 25
C100: O500U Aut. | Q100: =IF('[4]02 Coeficientes'!$B$79="SIM",'[4]Aux.4.21 Frota atual rev'!W100,'[4]Aux.4.21 Frota atual rev'!U100) -> 0 | R100: =SUM(D100:Q100) -> 0
C101: OF 1721 | H101: 22 | I101: 14 | J101: 12 | L101: 4 | M101: 8 | N101: 8 | Q101: =IF('[4]02 Coeficientes'!$B$79="SIM",'[4]Aux.4.21 Frota atual rev'!W101,'[4]Aux.4.21 Frota atual rev'!U101) -> 0 | R101: =SUM(D101:Q101) -> 68
...
